 Dungeon Crawl Stone Soup version 0.24.1-14-gf8d2b509d9 (webtiles) character file.

Game seed: 3826378151199894016, levelgen mode: deterministic

16138407 spacerossing the Conqueror (level 27, 179/179 HPs)
             Began as a Gargoyle Fighter on May 29, 2020.
             Was the Champion of the Shining One.
             Escaped with the Orb
             ... and 15 runes on May 30, 2020!
             The game lasted 04:17:51 (97380 turns).

spacerossing the Conqueror (Gargoyle Fighter)      Turns: 97380, Time: 04:17:51

Health: 179/179    AC: 56    Str: 27    XL:     27
Magic:  40/40      EV: 28    Int: 11    God:    the Shining One [******]
Gold:   15528      SH: 28    Dex: 12    Spells: 26/26 levels left

rFire    + + +     SeeInvis +   h - +9 broad axe (freeze)
rCold    + + +     Gourm    .   a - +5 shield {reflect}
rNeg     + + +     Faith    .   V - +1 plate armour "Iboot" {*Contam rF++ MR+ Str+4}
rPois    ∞         Spirit   .   b - +2 helmet {Int+3}
rElec    +         Reflect  +   e - scarf {rC+ rF+}
rCorr    +         Harm     .   d - +2 pair of gloves of Miracles {rCorr Dex+2}
MR       +++++     Rnd*Rage +   w - +0 pair of boots of Jeixonyri {Slay+6 SInv}
Stlth    ..........             Q - necklace of Bloodlust {*Rage +Rage MR++ Int-3 Slay+6 *Curse}
HPRegen  0.39/turn              l - +4 ring of slaying
MPRegen  0.27/turn              j - ring "Abotor" {rPois rC+++ EV+6 Dex-5 Stlth+}

@: flying, glowing, studying Spellcasting
A: big wings, iridescent scales 1, large bone plates 1, berserk 2, deterioration
1, frail 1, magic resistance 1, negative energy resistance 1, sense surroundings
2, screaming 3, electricity resistance, inhibited regeneration, weak 1,
unbreathing, petrification resistance, rot immunity, subdued magic 1, AC +20
0: Orb of Zot
}: 15/15 runes: serpentine, barnacled, slimy, silver, golden, iron, obsidian,
icy, bone, abyssal, demonic, glowing, magical, fiery, dark
a: Stop Flying, Divine Shield, Cleansing Flame, Summon Divine Warrior, Renounce
Religion, Evoke Berserk Rage


You escaped.
You worshipped the Shining One.
The Shining One was exalted by your worship.
You were not hungry.

You visited 18 branches of the dungeon, and saw 90 of its levels.
You visited Pandemonium 5 times, and saw 12 of its levels.
You visited the Abyss 2 times.
You visited 2 bazaars.
You visited 1 ziggurat, and saw 10 of its levels.
You also visited: Trove, Gauntlet and Ice Cave.

You collected 19694 gold pieces.
You spent 4166 gold pieces at shops.

Inventory:

Hand Weapons
 h - a +9 broad axe of freezing (weapon)
 q - a +4 executioner's axe of flaming
 z - the +8 hand axe of the Spider Nest {antimagic, +Fly rF+ rC- Dex+2}
   (You found it on level 9 of the Dungeon)

   It reduces the magical energy of the wielder, and disrupts the spells and
   magical abilities of those hit.
   Natural abilities and divine invocations are not affected.
   It affects your dexterity (+2).
   It protects you from fire.
   It makes you vulnerable to cold.
   It lets you fly.
 G - a +9 broad axe of holy wrath
Armour
 a - a +5 shield of reflection (worn)
 b - a +2 helmet of intelligence (worn)
 d - the +2 pair of gloves of Miracles (worn) {rCorr Dex+2}
   (You found it on level 3 of the Elven Halls)

   It affects your dexterity (+2).
   It provides partial protection from all sources of acid and corrosion.
 e - a scarf of resistance (worn)
 w - the +0 pair of boots of Jeixonyri (worn) {Slay+6 SInv}
   (Okawaru gifted it to you on level 9 of the Dungeon)

   It affects your accuracy and damage with ranged weapons and melee attacks
   (+6).
   It lets you see invisible.
 V - the +1 plate armour "Iboot" (worn) {*Contam rF++ MR+ Str+4}
   (You bought it in a shop on level 2 of the Orcish Mines)

   It affects your strength (+4).
   It greatly protects you from fire.
   It affects your resistance to hostile enchantments.
   It causes magical contamination when unequipped.
Jewellery
 j - the ring "Abotor" (right hand) {rPois rC+++ EV+6 Dex-5 Stlth+}
   (You took it off an ironheart preserver on level 5 of the Vaults)

   [ring of evasion]

   It affects your evasion (+6).
   It affects your dexterity (-5).
   It renders you almost immune to cold.
   It protects you from poison.
   It makes you more stealthy.
 l - a +4 ring of slaying (left hand)
 Q - the necklace of Bloodlust (around neck) {*Rage +Rage MR++ Int-3 Slay+6 *Curse}
   (You bought it in a shop on level 2 of the Snake Pit)

   [amulet of rage]

   It affects your intelligence (-3).
   It affects your accuracy and damage with ranged weapons and melee attacks
   (+6).
   It affects your resistance to hostile enchantments.
   It lets you go berserk.
   It may make you go berserk in combat.
   It curses itself when equipped.
Wands
 m - a wand of polymorph (15)
 A - a wand of acid (28)
 H - a wand of disintegration (27)
 I - a wand of digging (25)
 J - a wand of iceblast (8)
 N - a wand of paralysis (70)
 S - a wand of flame (15)
Scrolls
 i - 16 scrolls of identify
 n - 16 scrolls of fog
 t - 5 scrolls of enchant weapon
 u - 4 scrolls of summoning
 v - 5 scrolls of holy word
 y - 29 scrolls of teleportation
 B - 4 scrolls of fear
 D - 3 scrolls of silence
 E - 6 scrolls of blinking
 F - 19 scrolls of magic mapping
 K - 16 scrolls of amnesia
 P - 6 scrolls of enchant armour
 T - 31 scrolls of remove curse
 X - a scroll of brand weapon
Potions
 c - 9 potions of ambrosia
 g - 4 potions of agility
 k - 9 potions of haste
 o - 8 potions of mutation
 p - 15 potions of brilliance
 r - 11 potions of heal wounds
 s - 5 potions of magic
 x - 30 potions of curing
 C - a potion of might
 L - 2 potions of berserk rage
 U - 4 potions of resistance
 Y - 7 potions of cancellation
Books
 R - a manual of Spellcasting
Miscellaneous
 O - a figurine of a ziggurat
Comestibles
 f - 66 rations


   Skills:
 O Level 27 Fighting
   Level 14.6 Short Blades
 O Level 27 Axes
 O Level 27 Armour
 O Level 27 Dodging
 O Level 27 Shields
 - Level 10.6 Unarmed Combat
 O Level 27 Invocations
 * Level 7.0 Evocations


You had 26 spell levels left.
You didn't know any spells.
Your spell library contained the following spells:

 Spells                   Type           Power        Failure   Level  Hunger
 Animate Skeleton         Necr           N/A          67%         1    ##.....
 Apportation              Tloc           #.....       67%         1    ##.....
 Beastly Appendage        Tmut           #.....       67%         1    ##.....
 Confusing Touch          Hex            #.....       67%         1    ##.....
 Corona                   Hex            #......      67%         1    ##.....
 Flame Tongue             Conj/Fire      #....        67%         1    ##.....
 Freeze                   Ice            #...         67%         1    ##.....
 Infusion                 Chrm           #...         67%         1    ##.....
 Magic Dart               Conj           #...         67%         1    ##.....
 Sandblast                Erth           #.....       67%         1    ##.....
 Shock                    Conj/Air       #...         67%         1    ##.....
 Summon Butterflies       Summ           #.......     67%         1    ##.....
 Summon Small Mammal      Summ           #...         67%         1    ##.....
 Corpse Rot               Necr           N/A          82%         2    ###....
 Ensorcelled Hibernation  Hex/Ice        #.....       82%         2    ###....
 Passwall                 Tmut/Erth      #.......     82%         2    ###....
 Poisonous Vapours        Pois/Air       #.....       82%         2    ###....
 Searing Ray              Conj           #.....       82%         2    ###....
 Shroud of Golubria       Chrm/Tloc      #.....       82%         2    ###....
 Slow                     Hex            #.......     82%         2    ###....
 Song of Slaying          Chrm           #.......     82%         2    ###....
 Sticks to Snakes         Tmut           #.......     82%         2    ###....
 Swiftness                Chrm/Air       #.......     82%         2    ###....
 Throw Flame              Conj/Fire      #.....       82%         2    ###....
 Throw Frost              Conj/Ice       #.....       82%         2    ###....
 Call Canine Familiar     Summ           #.......     96%         3    ####...
 Confuse                  Hex            #.......     96%         3    ####...
 Conjure Flame            Conj/Fire      #.......     96%         3    ####...
 Dazzling Spray           Conj/Hex       #.....       96%         3    ####...
 Gell's Gravitas          Tloc           #.........   96%         3    ####...
 Ignite Poison            Fire/Tmut/Pois #.......     96%         3    ####...
 Inner Flame              Hex/Fire       #.......     96%         3    ####...
 Mephitic Cloud           Conj/Pois/Air  #.......     96%         3    ####...
 Ozocubu's Armour         Chrm/Ice       #.......     96%         3    ####...
 Portal Projectile        Hex/Tloc       #.....       96%         3    ####...
 Regeneration             Chrm/Necr      #.........   96%         3    ####...
 Spectral Weapon          Hex/Chrm       #.......     96%         3    ####...
 Spider Form              Tmut/Pois      #.........   96%         3    ####...
 Static Discharge         Conj/Air       #.......     96%         3    ####...
 Stone Arrow              Conj/Erth      #.....       96%         3    ####...
 Tukima's Dance           Hex            #.......     96%         3    ####...
 Airstrike                Air            #.........   100%        4    #####..
 Cause Fear               Hex            #.........   100%        4    #####..
 Force Lance              Conj/Tloc      #.......     100%        4    #####..
 Fulminant Prism          Conj/Hex       #.........   100%        4    #####..
 Ice Form                 Ice/Tmut       #.......     100%        4    #####..
 Iskenderun's Mystic Bla  Conj           #.......     100%        4    #####..
 Leda's Liquefaction      Hex/Erth       #.........   100%        4    #####..
 Petrify                  Tmut/Erth      #.......     100%        4    #####..
 Sticky Flame             Conj/Fire      #.......     100%        4    #####..
 Summon Ice Beast         Ice/Summ       #.......     100%        4    #####..
 Summon Lightning Spire   Summ/Air       #.......     100%        4    #####..
 Throw Icicle             Conj/Ice       #.......     100%        4    #####..
 Agony                    Necr           #.......     100%        5    ######.
 Alistair's Intoxication  Tmut/Pois      #.......     100%        5    ######.
 Aura of Abjuration       Summ           #.........   100%        5    ######.
 Blade Hands              Tmut           #.........   100%        5    ######.
 Bolt of Draining         Conj/Necr      #.........   100%        5    ######.
 Bolt of Magma            Conj/Fire/Erth #.........   100%        5    ######.
 Borgnjor's Vile Clutch   Necr/Erth      #.........   100%        5    ######.
 Dispel Undead            Necr           #.......     100%        5    ######.
 Excruciating Wounds      Chrm/Necr      #.........   100%        5    ######.
 Fireball                 Conj/Fire      #.........   100%        5    ######.
 Irradiate                Conj/Tmut      #.........   100%        5    ######.
 Iskenderun's Battlesphe  Conj/Chrm      #.......     100%        5    ######.
 Lee's Rapid Deconstruct  Erth           #.........   100%        5    ######.
 Lightning Bolt           Conj/Air       #.........   100%        5    ######.
 Metabolic Englaciation   Hex/Ice        #.........   100%        5    ######.
 Silence                  Hex/Air        #.........   100%        5    ######.
 Summon Forest            Summ/Tloc      #.........   100%        5    ######.
 Summon Mana Viper        Hex/Summ       #.......     100%        5    ######.
 Venom Bolt               Conj/Pois      #.........   100%        5    ######.
 Yara's Violent Unravell  Hex/Tmut       #.........   100%        5    ######.
 Bolt of Cold             Conj/Ice       #.........   100%        6    #######
 Bolt of Fire             Conj/Fire      #.........   100%        6    #######
 Conjure Ball Lightning   Conj/Air       #.........   100%        6    #######
 Darkness                 Hex            #.........   100%        6    #######
 Deflect Missiles         Chrm/Air       #.........   100%        6    #######
 Freezing Cloud           Conj/Ice/Air   #.........   100%        6    #######
 Hydra Form               Tmut           #.........   100%        6    #######
 Invisibility             Hex            #.......     100%        6    #######
 Iron Shot                Conj/Erth      #.........   100%        6    #######
 Ozocubu's Refrigeration  Ice            #.........   100%        6    #######
 Poison Arrow             Conj/Pois      #.........   100%        6    #######
 Shadow Creatures         Summ           N/A          100%        6    #######
 Simulacrum               Ice/Necr       #.........   100%        6    #######
 Dragon Form              Tmut           #.........   100%        7    #######
 Orb of Destruction       Conj           #.........   100%        7    #######
 Ring of Flames           Chrm/Fire      #.........   100%        7    #######
 Spellforged Servitor     Conj/Summ      #.........   100%        7    #######
 Summon Hydra             Summ           #.........   100%        7    #######
 Chain Lightning          Conj/Air       #.........   100%        8    #######
 Discord                  Hex            #.........   100%        8    #######
 Ignition                 Fire           #.........   100%        8    #######
 Lehudib's Crystal Spear  Conj/Erth      #.........   100%        8    #######
 Dragon's Call            Summ           #.........   100%        9    #######
 Fire Storm               Conj/Fire      #.........   100%        9    #######
 Glaciate                 Conj/Ice       #.........   100%        9    #######
 Tornado                  Air            #.........   100%        9    #######
 Sublimation of Blood     Necr           Unusable     N/A         2    N/A
 Passage of Golubria      Tloc           Unusable     N/A         4    N/A

Dungeon Overview and Level Annotations

Branches:
Dungeon (15/15)            Temple (1/1) D:6            Lair (6/6) D:9
 Shoals (4/4) Lair:3        Snake (4/4) Lair:2        Slime (5/5) Lair:5
    Orc (2/2) D:12            Elf (3/3) Orc:2        Vaults (5/5) D:13
  Crypt (3/3) Vaults:2       Tomb (3/3) Crypt:3      Depths (5/5) D:15
   Hell (visited)             Dis (7/7) Hell            Geh (7/7) Hell
    Coc (7/7) Hell            Tar (7/7) Hell            Zot (5/5) Depths:5
  IceCv (visited)         Gauntlet (visited)

Altars:
Ashenzari
Cheibriados
Dithmenos
Elyvilon
Fedhas
Gozag
Hepliaklqana
Kikubaaqudgha
Makhleb
Nemelex Xobeh
Okawaru
Qazlal
Ru
Sif Muna
Trog
Uskayaw
Vehumet
Wu Jian
Xom
Yredelemnul
Zin
The Shining One
Beogh
Jiyva

Shops:
D:4 %   D:8 :   Orc:1 ?   Orc:2 *:%[(   Elf:1 *%   Shoals:2 (   Shoals:3 *
Snake:2 ==}}   Vaults:1 *   Vaults:2 *   Vaults:3 ??[   Vaults:4 **}(
Depths:3 **

Portals:
Hell: Depths:1 Depths:2 Depths:3 Depths:4 Depths:5
Abyss: Depths:3 Depths:4
Pandemonium: Depths:1 Depths:3 Depths:4

Annotations:
Shoals:1 2 runed translucent doors


Innate Abilities, Weirdness & Mutations

You are resistant to torment.
Your stone body is resilient. (AC +20)
You are immune to poison.
Your large and strong wings let you fly indefinitely.
You resist negative energy. (rN+)
You are resistant to electric shocks. (rElec)
You can survive without breathing.
You are immune to petrification.
You are immune to rotting.
You are partially covered in iridescent scales. (AC +2)
You are partially covered in large bone plates. (SH +4)
You often lose your temper in combat.
Your body sometimes deteriorates upon taking damage.
You are frail. (-10% HP)
You are resistant to hostile enchantments. (MR+)
You passively map the area around you.
You frequently scream uncontrollably at your foes.
You do not regenerate when monsters are visible.
You are weak. (Str -2)
Your spells are a little easier to cast, but a little less powerful.


Message History

The golden eye blinks at you. You resist with almost no effort.
You carve the golden eye like a ham!!! You freeze the golden eye.
You kill the golden eye!
You block the Orb Guardian's attack. x2
You slice the Orb Guardian!! You freeze the Orb Guardian.
The Orb Guardian is moderately wounded.
You block the Orb Guardian's attack.
You completely miss the Orb Guardian.
The Orb Guardian is moderately wounded.
You block the Orb Guardian's attack.
You slice the Orb Guardian!! You freeze the Orb Guardian!
The Orb Guardian is almost dead.
The Orb Guardian misses you.
You carve the Orb Guardian like a ham!!!!
You freeze the Orb Guardian.
You kill the Orb Guardian!
Your Evocations skill increases to level 7!
There is a staircase leading out of the dungeon here.
You have escaped!

###.###..#
#########.##..#.
#............#.#
#.########...#..
#.# #..#...
###.# #..#...
#.#.# ##.#...
#.#.# #.#...
#@#.# #..#..
#.#.# ##.#.#
#.#.# #..#.
#...# ##..#
##### ##.. ### #


There were no monsters in sight!

Vanquished Creatures
  Cerebov (Pan)
  Asmodeus (Geh:7)
  Antaeus (Coc:7)
  the Royal Jelly (Slime:5)
  Ereshkigal (Tar:7)
  Gloorx Vloq (Pan)
  A seraph (Pan)
  Mnoleg (Pan)
  Lom Lobon (Pan)
  Dispater (Dis:7)
  6 orbs of fire
  Khufu (Tomb:3)
  Mara (Snake:3)
  Mennas (Pan)
  7 pandemonium lords
  6 ancient liches
  4 juggernauts
  26 greater mummies
  14 shard shrikes
  Vashnia (Snake:2)
  Boris (Depths:4)
  Frederick (Vaults:2)
  A Killer Klown (Zot:5)
  Bai Suzhen (Snake:3)
  A caustic shrike (Depths:4)
  Geryon (Hell)
  2 profane servitors (Crypt:3)
  9 golden dragons
  2 pearl dragons (Pan)
  5 bone dragons
  18 Brimstone Fiends
  Jory (Crypt:2)
  12 liches
  11 doom hounds
  36 Tzitzimimeh
  4 electric golems
  A hellephant (Zot:5)
  11 iron giants
  25 Orb Guardians
  20 Ice Fiends
  Jorgrun (D:13)
  6 quicksilver dragons
  21 tentacled monstrosities
  16 Hell Sentinels
  7 deep elf master archers
  13 titans
  12 deep elf blademasters
  19 acid blobs
  11 sphinxes
  Frances (Snake:2)
  10 death cobs
  17 Executioners
  19 ancient champions
  7 eldritch tentacles
  A thorn hunter (Abyss:3)
  6 warmongers (Pan)
  A tentacled starspawn (Abyss:5)
  8 draconian monks
  18 shadow dragons
  6 tengu reavers
  Roxanne (D:14)
  16 storm dragons
  6 azure jellies (Slime:5)
  3 revenants
  27 fire giants
  16 daevas (Pan)
  7 nagarajas
  12 vault wardens
  Aizul (Snake:2)
  10 deep elf sorcerers
  8 draconian scorchers
  An emperor scorpion (Pan)
  A corrupter (Pan)
  29 frost giants
  3 ghost moths
  39 balrugs
  13 iron dragons
  18 cacodemons
  8 draconian knights
  33 angels (Pan)
  Louise (D:14)
  2 orc warlords
  4 deep elf elementalists
  6 curse skulls
  A draconian stormcaller (Zot:1)
  14 ghouls
  4 draconian shifters
  61 reapers
  14 very ugly things
  22 war gargoyles
  2 spriggan defenders (Depths:4)
  11 ophanim (Pan)
  An elemental wellspring (Coc:7)
  7 blood saints
  16 ironheart preservers
  An entropy weaver (shapeshifter) (Elf:3)
  39 stone giants
  6 draconian annihilators
  16 green draconians
  A bennu (Tomb:3)
  17 lorocyprocas
  The ghost of kalodont the Unseen, a journeyman KoEn of Sif Muna (Orc:2)
  11 vampire knights
  A dire elephant (D:15)
  39 apis (Pan)
  11 black draconians
  5 black suns
  14 red draconians
  16 white draconians
  7 deep elf demonologists
  9 deep elf annihilators
  15 purple draconians
  Azrael (Elf:2)
  10 yellow draconians
  A minotaur (Gauntlet)
  6 spark wasps
  An ettin (shapeshifter) (Vaults:4)
  4 merfolk javelineers
  36 blizzard demons
  8 deep elf death magi
  14 jiangshi
  11 eidola
  14 green deaths
  9 merfolk impalers
  18 ettins
  24 mummy priests
  4 quicksilver dragon zombies
  11 fire dragons
  19 yaktaur captains
  2 kraken zombies (Coc:7)
  6 deep elf high priests
  10 death oozes
  31 ice dragons
  36 vault guards
  14 rakshasas
  10 great orbs of eyes
  11 naga warriors
  6 hydras
  8 quicksilver dragon skeletons
  A shambling mangrove (Abyss:3)
  A hydra (shapeshifter) (Vaults:1)
  7 monstrous demonspawn
  4 ghost crabs
  6 hell beasts
  4 spriggan air magi
  5 merfolk avatars
  10 centaur warriors
  3 satyrs
  3 anacondas
  41 two-headed ogres
  31 dancing weapons
  9 death knights
  6 merfolk aquamancers
  12 ogre magi
  38 death scarabs
  19 deep troll shamans
  An alligator (shapeshifter) (Vaults:5)
  A catoblepas (Lair:6)
  2 orc high priests
  9 tengu warriors
  9 titan zombies
  3 shock serpents
  7 death yaks
  13 vampire magi
  9 deep troll earth magi
  8 hell hogs
  20 naga sharpshooters
  32 hell knights
  8 iron golems
  55 soul eaters
  40 deep elf knights
  Urug (D:11)
  8 titan skeletons
  4 spriggan berserkers
  11 storm dragon zombies
  23 shadow wraiths
  47 sun demons
  3 fire crabs (Zig:10)
  3 salamander mystics (Snake:3)
  216 skeletal warriors
  A fire crab (shapeshifter) (Vaults:5)
  17 sixfirhies (Pan)
  18 iron trolls
  2 death drakes (Tar:6)
  A spatial maelstrom (Abyss:5)
  8 unseen horrors
  5 ghost moth zombies
  3 gelid demonspawn
  21 flayed ghosts
  3 golden dragon zombies
  33 deep trolls
  12 starcursed masses
  A glowing orange brain (shapeshifter) (Vaults:3)
  20 shadow demons
  A quicksilver dragon simulacrum (Hell)
  19 cherubim (Pan)
  10 wizards (Pan)
  9 glowing orange brains
  A deep troll (shapeshifter) (Vaults:5)
  5 storm dragon skeletons
  3 infernal demonspawn (Pan)
  7 torturous demonspawn (Pan)
  12 sea snakes
  7 shadow dragon zombies
  9 anaconda zombies
  4 golden dragon skeletons
  Pikel (D:7)
  An obsidian statue (Zig:2)
  2 orange crystal statues (Zig:2)
  2 naga ritualists (Snake:4)
  28 harpies
  30 deep elf archers
  A lindwurm (shapeshifter) (Depths:4)
  42 phantasmal warriors
  A sphinx zombie (Vaults:1)
  A lindwurm (Lair:6)
  2 mana vipers (Snake:3)
  16 necromancers
  A wolf spider (shapeshifter) (Vaults:5)
  85 deep elf magi
  2 oklob plants
  17 ironbrand convokers
  8 wolf spiders
  3 iron dragon zombies
  10 fire giant zombies
  2 anaconda skeletons
  5 orc sorcerers
  4 wolf spider zombies
  18 orc knights
  6 shadow dragon skeletons
  2 salamanders (shapeshifter) (Depths:2)
  The ghost of Hatywr the Basher, a novice HuFi of Elyvilon (D:6)
  12 cyclopes
  50 ugly things
  9 stone giant zombies
  5 shining eyes
  4 frost giant zombies
  15 fauns
  19 salamanders
  A manticore (shapeshifter) (Vaults:1)
  2 tengu skeletons
  17 manticores
  A moth of wrath (shapeshifter) (Depths:5)
  5 frost giant skeletons
  24 moths of wrath
  11 merfolk sirens
  9 stone giant skeletons
  An eye of devastation (Slime:5)
  7 fire giant skeletons
  5 iron dragon skeletons
  Maurice (D:12)
  2 shock serpent zombies
  18 elephants
  4 worldbinders
  11 water nymphs
  7 dire elephant zombies
  27 naga magi
  A black mamba (shapeshifter) (Vaults:1)
  6 molten gargoyles (Geh:7)
  24 vault sentinels
  A titan simulacrum (Depths:2)
  4 guardian serpents
  An apocalypse crab (Gauntlet)
  35 smoke demons
  6 centaur zombies
  38 rust devils
  2 torpor snails (shapeshifter)
  18 black mambas
  17 orange demons
  5 ice statues
  28 hellions
  3 dire elephant skeletons
  A white draconian zombie (Geh:2)
  5 komodo dragons
  4 rime drakes
  A minotaur zombie (Crypt:2)
  47 yaktaurs
  2 catoblepas zombies
  5 emperor scorpion zombies
  64 freezing wraiths
  3 shock serpent skeletons
  11 efreet
  6 spiny frogs
  A red draconian zombie (Dis:1)
  2 komodo dragons (shapeshifter)
  27 hellwings (Pan)
  2 golden dragon simulacra
  42 tormentors
  6 demonic crawlers
  A yaktaur (shapeshifter) (Vaults:5)
  3 anaconda simulacra (IceCv)
  An ancient zyme (Abyss:5)
  4 catoblepas skeletons
  5 harpy zombies
  A minotaur skeleton (Tar:4)
  41 guardian mummies
  A yaktaur skeleton (Vaults:1)
  A troll (shapeshifter) (Depths:2)
  12 trolls
  41 red devils
  66 ice devils
  3 meliai (D:14)
  3 small abominations
  12 tengu conjurers
  19 hydra zombies
  4 silent spectres
  A jumping spider (shapeshifter) (Vaults:3)
  2 polar bears
  2 tyrant leeches (D:12)
  A wolf spider simulacrum (Hell)
  30 merfolk
  3 hornets
  7 alligator zombies
  6 wind drakes
  2 jumping spiders (Crypt:3)
  A raiju (Abyss:3)
  5 bog bodies (Coc:7)
  A hornet (shapeshifter) (Depths:3)
  3 blink frogs (Lair:1)
  A shadow dragon simulacrum (Coc:6)
  A dream sheep (shapeshifter) (Vaults:5)
  A harpy skeleton (Geh:3)
  31 large abominations
  6 ice dragon zombies
  60 slime creatures
  8 snapping turtles
  8 hydra skeletons
  16 hippogriffs
  A snapping turtle (shapeshifter) (Depths:1)
  18 dream sheep
  4 fire dragon skeletons
  2 air elementals (Elf:2)
  A fire giant simulacrum (Vaults:1)
  8 ettin zombies
  6 fire dragon zombies
  Sigmund (D:3)
  124 flying skulls
  2 redbacks (shapeshifter)
  12 ettin skeletons
  3 redbacks (Crypt:3)
  2 spriggans (shapeshifter)
  2 black mamba skeletons
  27 shadows
  5 wyverns
  3 vampires
  8 ice dragon skeletons
  A spriggan (Depths:4)
  35 water elementals
  39 wraiths
  3 alligator skeletons
  2 yaks (shapeshifter)
  57 yaks
  A tarantella (shapeshifter) (Depths:1)
  22 ynoxinuls
  3 dire elephant simulacra (IceCv)
  32 fire elementals
  A fire bat (shapeshifter) (Vaults:4)
  3 black mamba zombies
  A human (shapeshifter) (Abyss:3)
  8 fire bats
  12 golden eyes
  A basilisk (shapeshifter) (D:15)
  A basilisk (Lair:4)
  10 chaos spawn
  18 neqoxecs
  33 ushabtiu
  16 vampire mosquitoes
  A steam dragon (shapeshifter) (Depths:1)
  5 hungry ghosts
  2 harpy simulacra
  Edmund (D:6)
  A death yak simulacrum (IceCv)
  A glowing shapeshifter zombie (Crypt:1)
  45 nagas
  6 spatial vortices
  6 wargs
  6 acid dragons
  4 iron troll simulacra (IceCv)
  6 hydra simulacra
  A soldier ant (D:12)
  8 spiny frog zombies
  12 water moccasins
  2 floating eyes (Depths:4)
  92 hell hounds
  10 porcupines
  A swamp drake (D:12)
  Duvessa (D:7)
  A monstrous demonspawn skeleton (Crypt:1)
  47 orc warriors
  12 phantoms
  15 ice beasts
  5 spiny frog skeletons
  3 black bears
  2 eyes of draining (shapeshifter)
  2 merfolk skeletons (Tar:7)
  5 sky beasts
  A black bear (shapeshifter) (Vaults:3)
  An ettin simulacrum (IceCv)
  3 manticore zombies
  7 eyes of draining
  2 alligator simulacra (Hell)
  3 slaves (D:7)
  A swamp drake (shapeshifter) (Vaults:3)
  42 necrophages
  2 snapping turtle zombies
  A swamp dragon zombie (Coc:7)
  5 wolves (Lair:6)
  A hog zombie (Crypt:1)
  23 ogres
  5 boggarts
  4 snapping turtle skeletons
  9 crocodiles
  27 centaurs
  A swamp dragon skeleton (Crypt:2)
  3 manticore skeletons
  2 elf zombies
  A big kobold (D:9)
  A salamander zombie (Crypt:1)
  15 bullfrogs
  2 wyvern zombies
  3 earth elementals
  4 spiny frog simulacra
  4 ogre simulacra
  6 wyvern skeletons
  2 troll zombies
  A spriggan zombie (Dis:2)
  6 scorpions
  4 orc simulacra
  A swamp dragon simulacrum (IceCv)
  A snapping turtle simulacrum (Crypt:1)
  7 killer bees
  Dowan (D:7)
  A spectral ogre (Orc:2)
  A raiju skeleton (Crypt:1)
  A troll skeleton (Geh:5)
  95 wights
  2 electric eels (Lair:5)
  3 howler monkeys
  18 crimson imps
  2 bullfrog zombies (D:13)
  2 draconian simulacra (IceCv)
  11 hounds
  A human simulacrum (Vaults:3)
  5 quasits
  21 jellies
  4 centaur skeletons
  3 human zombies
  22 orc priests
  2 bullfrog skeletons
  A gnoll shaman (Orc:1)
  A human skeleton (Tar:7)
  43 iron imps
  Natasha (twice) (D:4)
  5 iguanas
  8 worker ants
  18 hell rats
  31 orc wizards
  4 spectral orcs (Orc:2)
  5 troll simulacra (IceCv)
  A spriggan simulacrum (IceCv)
  A naga zombie (Coc:7)
  4 wolf simulacra (IceCv)
  A big kobold zombie (Crypt:2)
  2 tengu zombies
  An ogre zombie (Dis:7)
  5 centaur simulacra (IceCv)
  A dwarf skeleton (Crypt:2)
  4 ogre skeletons
  A hound skeleton (D:9)
  58 mummies
  2 worker ant zombies
  A howler monkey zombie (D:7)
  9 gnolls
  17 adders
  A swamp drake zombie (Crypt:1)
  29 shadow imps
  25 white imps
  9 ufetubi
  17 oozes
  2 adder skeletons
  4 worms
  3 dart slugs
  6 leopard geckos
  98 orcs
  A bat skeleton (Crypt:2)
  5 giant cockroaches
  A gnoll zombie (Crypt:2)
  3 goblins
  11 hobgoblins
  5 jackals
  11 quokkas
  4 ball pythons
  7 bats
  2 frilled lizards
  A jackal zombie (D:8)
  13 kobolds
  2 kobold zombies
  A leopard gecko skeleton (D:6)
  A leopard gecko zombie (D:8)
  2 orc zombies
  11 rats
  A river rat skeleton (Crypt:2)
  3 briar patches (Abyss:3)
  2 crawling corpses (Elf:3)
  5 fire vortices
  5 fungi
  4 plants
  A starspawn tentacle (Abyss:5)
  4 tentacles (Coc:7)
  4 withered plants (Crypt:3)
5504 creatures vanquished.

Vanquished Creatures (collateral kills)
  4 greater mummies
  An ancient champion (Tomb:3)
  A bennu (Tomb:3)
  2 mummy priests
  8 death scarabs
  A skeletal warrior (Tomb:2)
  A frost giant skeleton (Tomb:3)
  A dire elephant skeleton (Tomb:3)
  10 guardian mummies
  14 flying skulls
  8 ushabtiu
  9 mummies
60 creatures vanquished.

Vanquished Creatures (others)
  2 pandemonium lords
  A Tzitzimitl (Tar:6)
  A deep elf master archer (Elf:3)
  A vault warden (Vaults:5)
  A draconian annihilator (Pan)
  3 elemental wellsprings
  A black draconian (Depths:4)
  A deep elf annihilator (Elf:3)
  A green death (Pan)
  2 blizzard demons (Coc:7)
  A fire dragon (Zig:10)
  2 ice dragons
  A naga warrior (Snake:4)
  2 wizards (Pan)
  A frost giant skeleton (Hell)
  A yaktaur (Zig:4)
  2 fire elementals
  A wraith (Geh:7)
  A swamp dragon zombie (Hell)
  A spectral cyclops (Orc:2)
  A wight (Coc:1)
  A mummy (Coc:3)
  A white imp (IceCv)
  4 ufetubi (IceCv)
  11 ball lightnings
  4 briar patches (Abyss:3)
  5 fungi
  A plant (Shoals:4)
  4 starspawn tentacles (Abyss:5)
  5 tentacles (Coc:7)
  5 withered plants (Crypt:3)
69 creatures vanquished.

Grand Total: 5633 creatures vanquished

Notes
Turn   | Place    | Note
-------+----------+-------------------------------------------
     0 | D:1      | spacerossing the Gargoyle Fighter began the quest for the
                  | Orb.
     0 | D:1      | Reached XP level 1. HP: 14/14 MP: 1/1
   255 | D:1      | Reached XP level 2. HP: 19/19 MP: 2/2
   548 | D:1      | Reached XP level 3. HP: 21/23 MP: 3/3
   877 | D:2      | Reached XP level 4. HP: 26/28 MP: 4/4
   886 | D:2      | Reached XP level 5. HP: 21/32 MP: 5/5
   888 | D:2      | Reached skill level 5 in Axes
  1327 | D:2      | Found a hazy altar of Hepliaklqana.
  1662 | D:3      | Noticed Sigmund
  1675 | D:3      | Killed Sigmund
  1675 | D:3      | Reached XP level 6. HP: 33/37 MP: 6/6
  1742 | D:3      | Noticed a water elemental
  1744 | D:3      | Found a stormy altar of Qazlal.
  1835 | D:3      | Noticed a fire elemental
  1845 | D:3      | Noticed an air elemental
  2180 | D:4      | Found a shimmering blue altar of Sif Muna.
  2213 | D:4      | Reached XP level 7. HP: 39/41 MP: 7/7
  2466 | D:4      | Found Joasug's Food Emporium.
  3272 | D:4      | Noticed Natasha
  3286 | D:5      | Entered Level 5 of the Dungeon
  3340 | D:4      | Killed Natasha
  3397 | D:4      | Noticed Natasha
  3400 | D:4      | Killed Natasha
  3480 | D:5      | Reached XP level 8. HP: 46/48 MP: 8/8
  3526 | D:5      | Found an ornate altar of the Wu Jian Council.
  3537 | D:5      | Found an iron altar of Okawaru.
  3573 | D:5      | Found a shadowy altar of Dithmenos.
  3576 | D:5      | Found a white marble altar of Elyvilon.
  3581 | D:5      | Became a worshipper of Warmaster Okawaru
  3717 | D:5      | Reached * piety under Okawaru
  3717 | D:5      | Reached skill level 1 in Invocations
  4041 | D:6      | Noticed Edmund
  4053 | D:6      | Killed Edmund
  4053 | D:6      | Reached skill level 5 in Fighting
  4112 | D:6      | Reached ** piety under Okawaru
  4173 | D:6      | Found a transporter.
  4174 | D:6      | Found a transporter.
  4175 | D:6      | Noticed a wraith
  4175 | D:6      | Noticed Hatywr's ghost (novice HuFi)
  4255 | D:6      | Reached XP level 9. HP: 49/54 MP: 9/11
  4295 | D:6      | Found a staircase to the Ecumenical Temple.
  4296 | D:6      | Found a shimmering altar of Xom.
  4377 | D:6      | Found a sparkling altar of Nemelex Xobeh.
  4674 | D:6      | Killed Hatywr's ghost
  4674 | D:6      | Reached *** piety under Okawaru
  4674 | D:6      | Reached skill level 10 in Axes
  4833 | D:7      | Identified a scroll of acquirement
  4882 | D:7      | Found a radiant altar of Vehumet.
  5316 | D:7      | Noticed Pikel
  5327 | D:7      | Killed Pikel
  5327 | D:7      | Reached **** piety under Okawaru
  5327 | D:7      | Received a gift from Okawaru
  5327 | D:7      | Reached XP level 10. HP: 62/63 MP: 10/13
  5355 | D:7      | Noticed Duvessa
  5355 | D:7      | Noticed Dowan
  5366 | D:7      | Killed Dowan
  5369 | D:7      | Killed Duvessa
  5369 | D:7      | Reached ***** piety under Okawaru
  5871 | D:7      | Reached skill level 5 in Invocations
  6072 | D:8      | Noticed a two-headed ogre
  6086 | D:8      | Killed a two-headed ogre
  6487 | D:8      | Found Fare's Book Emporium.
  6566 | D:8      | Reached skill level 1 in Dodging
  7176 | D:9      | Noticed a death yak
  7176 | D:9      | Noticed a death yak
  7198 | D:8      | Killed a death yak
  7371 | D:9      | Noticed a death yak
  7378 | D:8      | Killed a death yak
  7378 | D:8      | Received a gift from Okawaru
  7378 | D:8      | Received a gift from Okawaru
  7378 | D:8      | Reached XP level 11. HP: 61/67 MP: 13/15
  7418 | D:8      | Killed a death yak
  7418 | D:8      | Reached skill level 5 in Armour
  7423 | D:8      | Got a slimy longbow {god gift}
  7424 | D:8      | Identified the +8 longbow of Spring {venom, rF+ SInv
                  | Stlth-} (Okawaru gifted it to you on level 8 of the
                  | Dungeon)
  7589 | D:9      | Noticed a cyclops
  7599 | D:9      | Killed a cyclops
  7791 | D:9      | Found a staircase to the Lair.
  7932 | D:9      | Noticed a deep elf mage
  7955 | D:9      | Killed a deep elf mage
  7955 | D:9      | Received a gift from Okawaru
  7987 | D:9      | Got a pitted hand axe
  7987 | D:9      | Got a brightly glowing chain mail
  7988 | D:9      | Identified the +8 hand axe of the Spider Nest {antimagic,
                  | +Fly rF+ rC- Dex+2} (You found it on level 9 of the
                  | Dungeon)
  7990 | D:9      | Identified the +7 chain mail of Life {rElec MR- rCorr
                  | Stlth+} (You found it on level 9 of the Dungeon)
  8046 | D:9      | Received a gift from Okawaru
  8054 | D:9      | Got a pair of fine boots {god gift}
  8060 | D:9      | Identified the +0 pair of boots of Jeixonyri {Slay+6 SInv}
                  | (Okawaru gifted it to you on level 9 of the Dungeon)
  8125 | D:9      | Noticed a two-headed ogre
  8138 | D:9      | Killed a two-headed ogre
  8420 | D:10     | Entered Level 10 of the Dungeon
  9331 | D:11     | Noticed a tengu warrior
  9331 | D:11     | Noticed a tengu warrior
  9340 | D:11     | Killed a tengu warrior
  9346 | D:11     | Killed a tengu warrior
  9346 | D:11     | Reached XP level 12. HP: 54/75 MP: 3/17
  9346 | D:11     | Reached ****** piety under Okawaru
  9486 | D:11     | Noticed Urug
  9500 | D:11     | Killed Urug
  9867 | D:11     | Noticed a centaur warrior
  9873 | D:11     | Killed a centaur warrior
  9873 | D:11     | Received a gift from Okawaru
 10167 | Lair:1   | Entered Level 1 of the Lair of Beasts
 10168 | Lair:1   | Noticed a seven-headed hydra
 10185 | Lair:1   | Killed a seven-headed hydra
 10252 | Lair:1   | Reached skill level 10 in Fighting
 10327 | Lair:1   | Reached skill level 5 in Shields
 10383 | Lair:1   | Found a gate leading to a gauntlet.
 10395 | Gauntlet | Entered a Gauntlet
 10395 | Gauntlet | Found a runed translucent door.
 10395 | Gauntlet | Found a transporter.
 10395 | Gauntlet | Found a runed translucent door.
 10395 | Gauntlet | Found a transporter.
 10414 | Gauntlet | Found a transporter.
 10417 | Gauntlet | Found a transporter.
 10425 | Gauntlet | Found a transporter.
 10429 | Gauntlet | Found a transporter.
 10435 | Gauntlet | Found a runed translucent gate.
 10435 | Gauntlet | Found a runed translucent gate.
 10435 | Gauntlet | Found a runed translucent gate.
 10437 | Gauntlet | Found a transporter.
 10438 | Gauntlet | Found the +0 Maxwell's etheric cage {RegenMP+ *Contam rElec
                  | MP+4}
 10456 | Gauntlet | Found a transporter.
 10467 | Gauntlet | Found a transporter.
 10471 | Gauntlet | Found a transporter.
 10479 | Gauntlet | Found a transporter.
 10483 | Gauntlet | Found a transporter.
 10720 | Gauntlet | Got a slimy platinum ring
 10722 | Gauntlet | Identified the cursed ring "Gepto" {*Contam rF+ AC-3 Int+3}
                  | (You found it in a Gauntlet)
 10877 | Gauntlet | Received a gift from Okawaru
 11074 | Gauntlet | Noticed a minotaur
 11077 | Gauntlet | Found the +3 giant club "Skullcrusher" {speed, Str+7}
 11087 | Gauntlet | Killed a minotaur
 11094 | Gauntlet | Got a transparent bone ring
 11097 | Gauntlet | Got a pair of ancient boots
 11105 | Gauntlet | Got an ancient troll leather armour
 11117 | Gauntlet | Identified the cursed +0 pair of boots of the Monk {SInv}
                  | (You found it in a Gauntlet)
 11165 | Lair:1   | Identified the ring of Ikodemewn {Ice *Drain MR+ Int+4}
                  | (You found it in a Gauntlet)
 11311 | Lair:1   | Reached XP level 13. HP: 84/84 MP: 7/19
 11522 | Lair:2   | Found a staircase to the Snake Pit.
 12408 | Lair:3   | Found a staircase to the Shoals.
 13687 | Lair:4   | Received a gift from Okawaru
 13691 | Lair:4   | Identified the +1 troll leather armour "Dyuptaacs" {Regen+
                  | Dex+4} (You found it in a Gauntlet)
 14478 | Lair:5   | Found a staircase to the Slime Pits.
 14478 | Lair:5   | Found a viscous altar of Jiyva.
 14739 | Lair:5   | Found a snail-covered altar of Cheibriados.
 15002 | Lair:5   | Reached skill level 10 in Shields
 15002 | Lair:5   | Gained mutation: Your large and strong wings let you fly
                  | indefinitely. [Gargoyle growth]
 15002 | Lair:5   | Reached XP level 14. HP: 38/94 MP: 8/20
 15293 | Lair:5   | Received a gift from Okawaru
 16039 | Lair:6   | Entered Level 6 of the Lair of Beasts
 16187 | Lair:6   | Received a gift from Okawaru
 16196 | Lair:6   | Got a scorched hunting sling {god gift}
 16219 | Lair:6   | Reached skill level 5 in Dodging
 16741 | Lair:6   | Got a crude lapis lazuli ring
 16742 | Lair:6   | Identified the ring "Wunkuxt" {+Fly rC- Str+3 Dex+2} (You
                  | found it on level 6 of the Lair of Beasts)
 17380 | D:12     | Received a gift from Okawaru
 17414 | D:12     | Found the +12 Vampire's Tooth {vamp}
 17621 | D:12     | Reached skill level 1 in Short Blades
 17931 | D:12     | Found a staircase to the Orcish Mines.
 18244 | D:12     | Noticed Maurice
 18256 | D:12     | Killed Maurice
 18599 | Orc:1    | Entered Level 1 of the Orcish Mines
 18797 | Orc:2    | Entered Level 2 of the Orcish Mines
 18803 | Orc:2    | Found a staircase to the Elven Halls.
 18878 | Orc:2    | Reached skill level 5 in Short Blades
 18933 | Orc:2    | Noticed an orc warlord
 18957 | Orc:2    | Reached XP level 15. HP: 101/101 MP: 21/21
 18981 | Orc:2    | Killed an orc warlord
 19029 | Orc:2    | Found a roughly hewn altar of Beogh.
 19032 | Orc:2    | Found Hetzerch's Antique Weapon Emporium.
 19053 | Orc:2    | Found Henwemat's Book Emporium.
 19284 | Orc:2    | Received a gift from Okawaru
 19450 | Orc:2    | Found a runed translucent gate.
 19450 | Orc:2    | Found a runed translucent gate.
 19450 | Orc:2    | Found a runed translucent gate.
 19453 | Orc:2    | Noticed kalodont's ghost (journeyman KoEn)
 19477 | Orc:2    | Killed kalodont's ghost
 19859 | Orc:2    | Found Xuciot's General Store.
 19874 | Orc:2    | Found Qeobibua's Food Shoppe.
 19917 | Orc:2    | Found Petac's Antique Armour Emporium.
 19923 | Orc:2    | Bought a smoking plate armour for 868 gold pieces
 20010 | Orc:2    | Identified the +10 plate armour "Qalaroac" {Str-3 Int+5}
                  | (You bought it in a shop on level 2 of the Orcish Mines)
 20049 | Orc:1    | Found Roehobu's Magic Scroll Shop.
 20053 | Orc:1    | Bought a scroll of identify for 32 gold pieces
 20053 | Orc:1    | Bought a scroll of identify for 32 gold pieces
 20152 | Orc:2    | Bought an encrusted plate armour for 868 gold pieces
 20152 | Orc:2    | Identified the cursed +1 plate armour "Iboot" {*Contam rF++
                  | MR+ Str+4} (You bought it in a shop on level 2 of the
                  | Orcish Mines)
 20381 | D:13     | Found a gate to the Vaults.
 20411 | D:13     | Received a gift from Okawaru
 20475 | D:13     | Got a slimy lajatang {god gift}
 20609 | D:13     | Identified the +8 lajatang "Ima Huqo" {pain, rPois}
                  | (Okawaru gifted it to you on level 13 of the Dungeon)
 20686 | D:13     | Noticed Jorgrun
 20701 | D:13     | Killed Jorgrun
 20775 | D:13     | Found a portal to a secret trove of treasure.
 20887 | D:13     | Reached skill level 15 in Fighting
 21164 | Snake:1  | Entered Level 1 of the Snake Pit
 21227 | Snake:1  | Received a gift from Okawaru
 22153 | Snake:2  | Found Ohuzu's Gadget Emporium.
 22164 | Snake:2  | Found a blossoming altar of Fedhas.
 22198 | Snake:2  | Noticed Frances
 22217 | Snake:2  | Killed Frances
 22247 | Snake:2  | Noticed Aizul
 22273 | Snake:2  | Killed Aizul
 22313 | Snake:2  | Noticed Vashnia
 22387 | Snake:2  | Killed Vashnia
 22387 | Snake:2  | Reached XP level 16. HP: 108/108 MP: 22/22
 22640 | Snake:2  | Found Kiq Luat's Jewellery Shop.
 22755 | Snake:2  | Found Tailo's Jewellery Shop.
 22756 | Snake:2  | Found Tiusk's Gadget Emporium.
 22885 | Snake:2  | Received a gift from Okawaru
 23029 | Snake:3  | Noticed a nagaraja
 23060 | Snake:3  | Killed a nagaraja
 23317 | Snake:3  | Noticed Bai Suzhen
 23368 | Snake:3  | Killed Bai Suzhen
 23374 | Snake:3  | Noticed Mara
 23377 | Snake:3  | Noticed spacerossing's illusion
 23422 | Snake:3  | Killed Mara
 23422 | Snake:3  | Reached skill level 15 in Shields
 23461 | Snake:3  | Noticed a nagaraja
 23476 | Snake:3  | Killed a nagaraja
 23676 | Snake:3  | Reached skill level 10 in Short Blades
 23873 | Snake:3  | Received a gift from Okawaru
 23885 | Snake:3  | Got an amber-encrusted ring mail {god gift}
 23886 | Snake:3  | Identified the +4 ring mail "Falosadecs" {rElec Dex+5}
                  | (Okawaru gifted it to you on level 3 of the Snake Pit)
 24076 | Snake:4  | Entered Level 4 of the Snake Pit
 24309 | Snake:4  | Reached XP level 17. HP: 109/113 MP: 23/23
 24565 | Snake:2  | Bought the cursed necklace of Bloodlust {*Rage +Rage MR++
                  | Int-3 Slay+6 *Curse} for 1107 gold pieces
 24565 | Snake:2  | Found the cursed necklace of Bloodlust {*Rage +Rage MR++
                  | Int-3 Slay+6 *Curse}
 24932 | Snake:4  | Received a gift from Okawaru
 25163 | Snake:4  | Found a gateway to a bazaar.
 25169 | Bazaar   | Entered a bazaar
 25176 | Bazaar   | Found Qype's Antique Weapon Emporium.
 25190 | Bazaar   | Found Owesox's Antique Weapon Shoppe.
 25206 | Bazaar   | Found Rischewie's Antique Armour Emporium.
 25217 | Bazaar   | Found Odghoxuji's Antique Armour Shoppe.
 25359 | Snake:4  | Got a serpentine rune of Zot
 25711 | D:14     | Identified Roxanne's Volume of Moulding
 25711 | D:14     | Noticed Roxanne
 25812 | D:14     | Killed Roxanne
 25890 | D:14     | Noticed Louise
 25912 | D:14     | Killed Louise
 26888 | Shoals:1 | Entered Level 1 of the Shoals
 26888 | Shoals:1 | Found a shimmering altar of Xom.
 26921 | Shoals:1 | Received a gift from Okawaru
 27094 | Shoals:1 | Reached XP level 18. HP: 119/119 MP: 24/24
 27492 | Shoals:1 | Found a hazy altar of Hepliaklqana.
 27495 | Shoals:1 | Found a large runed translucent door.
 27705 | Shoals:1 | Found a large runed translucent door.
 28309 | Shoals:2 | Found Irpheth's Weapon Emporium.
 28565 | Shoals:3 | Found Fuli's General Store.
 29109 | Shoals:3 | Received a gift from Okawaru
 29693 | Shoals:4 | Entered Level 4 of the Shoals
 29929 | Shoals:4 | Received a gift from Okawaru
 30444 | Shoals:4 | Received a gift from Okawaru
 30444 | Shoals:4 | Reached XP level 19. HP: 125/125 MP: 25/25
 31151 | Shoals:4 | Got a barnacled rune of Zot
 31417 | D:15     | Entered Level 15 of the Dungeon
 31633 | D:15     | Found a staircase to the Depths.
 32182 | D:15     | Reached skill level 10 in Armour
 32395 | Vaults:1 | Entered Level 1 of the Vaults
 32749 | Vaults:1 | Received a gift from Okawaru
 33204 | Vaults:1 | Found Xuotatiff's Assorted Antiques.
 34128 | Vaults:2 | Reached XP level 20. HP: 134/134 MP: 26/26
 34141 | Vaults:2 | Received a gift from Okawaru
 34162 | Vaults:2 | Got a dazzling plate armour {god gift}
 34163 | Vaults:2 | Identified the +14 plate armour "Neclierr" {rElec} (Okawaru
                  | gifted it to you on level 2 of the Vaults)
 34311 | Vaults:2 | Found a staircase to the Crypt.
 34439 | Vaults:2 | Found Ydwaf's Assorted Antiques.
 34670 | Vaults:2 | Noticed Frederick
 34683 | Vaults:2 | Killed Frederick
 35829 | Vaults:3 | Reached skill level 15 in Axes
 35887 | Vaults:3 | Received a gift from Okawaru
 36250 | Vaults:3 | Reached XP level 21. HP: 142/142 MP: 27/27
 36793 | Vaults:3 | Identified the Reference Book on the Earthen Escort
 36831 | Vaults:3 | Found Lorch's Magic Scroll Shop.
 36882 | Vaults:3 | Found Buteegym's Armour Shoppe.
 36969 | Vaults:3 | Found Tures's Magic Scroll Shoppe.
 36974 | Vaults:3 | Bought a scroll of enchant armour for 75 gold pieces
 37096 | Vaults:4 | Found Gouplor's Assorted Antiques.
 37177 | Vaults:4 | Received a gift from Okawaru
 37210 | Vaults:4 | Found Micsef's Gadget Boutique.
 37211 | Vaults:4 | Found Lydas's Antique Weapon Emporium.
 37979 | Vaults:4 | Found a shimmering blue altar of Sif Muna.
 38258 | Vaults:4 | Found Huixetupse's Assorted Antiques.
 38378 | Vaults:4 | Bought a dazzling helmet for 266 gold pieces
 38381 | Vaults:4 | Identified the +1 helmet of the Jolly Wars {rC+ MR+} (You
                  | bought it in a shop on level 4 of the Vaults)
 38452 | Vaults:5 | Entered Level 5 of the Vaults
 38708 | Vaults:4 | Received a gift from Okawaru
 38765 | Vaults:5 | Received a gift from Okawaru
 38766 | Vaults:5 | Got a steaming chain mail {god gift}
 38773 | Vaults:5 | Reached XP level 22. HP: 152/152 MP: 28/28
 38826 | Vaults:5 | Found the +9 sword of Zonguldrok {reap}
 38843 | Vaults:5 | Gained mutation: You occasionally shout uncontrollably at
                  | your foes. [a shining eye]
 38874 | Vaults:5 | Got a silver rune of Zot
 39199 | Vaults:5 | Noticed an ancient lich
 39217 | Vaults:5 | Killed an ancient lich
 39741 | Vaults:5 | Received a gift from Okawaru
 39745 | Vaults:5 | Got a dazzling helmet {god gift}
 39746 | Vaults:5 | Identified the +1 helmet "Wisasut" {rPois} (Okawaru gifted
                  | it to you on level 5 of the Vaults)
 39748 | Vaults:5 | Identified the +4 chain mail "Hillefiz" {Dex+6} (Okawaru
                  | gifted it to you on level 5 of the Vaults)
 39823 | Vaults:5 | Got a bloodstained battleaxe
 39824 | Vaults:5 | Identified the +6 battleaxe of Sanerhotz {holy, rC+} (You
                  | found it on level 5 of the Vaults)
 39896 | Vaults:5 | Identified the ring "Abotor" {rPois rC+++ EV+6 Dex-5
                  | Stlth+}
 39904 | Vaults:5 | Got a shimmering hand axe
 39905 | Vaults:5 | Identified the cursed +1 hand axe "Xiasibb" {drain, Int+7}
                  | (You found it on level 5 of the Vaults)
 40274 | Vaults:5 | Identified the Almanac of Frigorific Attacks
 40541 | Vaults:5 | Reached XP level 23. HP: 160/160 MP: 29/29
 40792 | D:13     | You paid a toll of +5 ice dragon scales to enter a treasure
                  | trove
 40793 | Trove    | Entered a treasure trove
 40802 | Trove    | Got an ancient wooden ring
 40804 | Trove    | Got a sparkling amber ring
 40821 | Trove    | Got a twisted plate armour
 40830 | Trove    | Identified the ring of the Stag {Wiz Dex+4} (You found it
                  | in a treasure trove)
 40831 | Trove    | Identified the +9 plate armour of Goegg {rElec rC+++ Int-2
                  | Dex-5} (You found it in a treasure trove)
 40832 | Trove    | Identified the ring "Tunin" {rN++ MR+ Dex-5} (You found it
                  | in a treasure trove)
 41160 | Orc:1    | Bought a scroll of brand weapon for 320 gold pieces
 41160 | Orc:1    | Bought a scroll of enchant armour for 120 gold pieces
 41724 | Temple   | Entered the Ecumenical Temple
 41939 | Temple   | Fell from the grace of Okawaru
 41939 | Temple   | Became a worshipper of the Shining One
 42268 | Crypt:1  | Entered Level 1 of the Crypt
 42305 | Crypt:1  | Reached * piety under the Shining One
 42384 | Crypt:1  | Reached ** piety under the Shining One
 42562 | Crypt:1  | Reached *** piety under the Shining One
 42825 | Crypt:1  | Reached **** piety under the Shining One
 43333 | Crypt:2  | Reached ***** piety under the Shining One
 43340 | Crypt:2  | Noticed Jory
 43353 | Crypt:2  | Killed Jory
 43590 | Crypt:2  | Paralysed by a floating eye for 3 turns
 43597 | Crypt:2  | Paralysed by a floating eye for 3 turns
 43604 | Crypt:2  | Paralysed by a floating eye for 4 turns
 43612 | Crypt:2  | Found an ancient bone altar of Kikubaaqudgha.
 43647 | Crypt:2  | Paralysed by a floating eye for 4 turns
 43652 | Crypt:2  | Paralysed by a floating eye for 2 turns
 43655 | Crypt:2  | Paralysed by a floating eye for 3 turns
 43660 | Crypt:2  | Paralysed by a floating eye for 4 turns
 43677 | Crypt:2  | Paralysed by a floating eye for 4 turns
 43692 | Crypt:2  | Paralysed by a floating eye for 3 turns
 43701 | Crypt:2  | Paralysed by a floating eye for 2 turns
 43706 | Crypt:2  | Paralysed by a floating eye for 4 turns
 43715 | Crypt:2  | Paralysed by a floating eye for 2 turns
 43721 | Crypt:2  | Paralysed by a floating eye for 4 turns
 43730 | Crypt:2  | Paralysed by a floating eye for 3 turns
 43735 | Crypt:2  | Paralysed by a floating eye for 2 turns
 43813 | Crypt:2  | Reached ****** piety under the Shining One
 44044 | D:13     | Identified a +6 broad axe of holy wrath (a +4 broad axe of
                  | freezing blessed by the Shining One)
 44044 | D:13     | Received a gift from the Shining One
 44156 | Vaults:2 | Bought a scroll of enchant weapon for 322 gold pieces
 44704 | Crypt:2  | Paralysed by a floating eye for 4 turns
 44718 | Crypt:2  | Paralysed by a floating eye for 3 turns
 44723 | Crypt:2  | Paralysed by a floating eye for 2 turns
 44729 | Crypt:2  | Paralysed by a floating eye for 2 turns
 44750 | Crypt:3  | Entered Level 3 of the Crypt
 44907 | Crypt:3  | Found a basalt altar of Yredelemnul.
 45212 | Crypt:3  | Got a scorched lapis lazuli ring
 45212 | Crypt:3  | Got a wavering bone ring
 45213 | Crypt:3  | Identified the ring of Fehalo {-Tele rN+ Str+3 SInv} (You
                  | found it on level 3 of the Crypt)
 45214 | Crypt:3  | Identified the ring "Wisieschuy" {*Corrode rElec rN+ Str+4
                  | Stlth+} (You found it on level 3 of the Crypt)
 45224 | Crypt:3  | Got a slimy scale mail
 45364 | Crypt:3  | Reached XP level 24. HP: 166/166 MP: 29/29
 46004 | Crypt:3  | Noticed a greater mummy
 46016 | Crypt:3  | Killed a greater mummy
 46062 | Crypt:3  | Found a staircase to the Tomb.
 47252 | Depths:1 | Entered Level 1 of the Depths
 47258 | Depths:1 | Reached skill level 10 in Dodging
 47524 | Depths:1 | Found a one-way gate leading to the halls of Pandemonium.
 47581 | Depths:1 | Found a gateway to Hell.
 47622 | Depths:1 | Identified the +0 scale mail of Filth {+Blink rPois rC-}
                  | (You found it on level 3 of the Crypt)
 47627 | Depths:1 | Found the +27 Lear's hauberk
 47643 | Depths:1 | Found a shimmering altar of Xom.
 48327 | Depths:2 | Found a gateway to a ziggurat.
 48327 | Depths:2 | Noticed an ancient lich
 48348 | Depths:2 | Killed an ancient lich
 48348 | Depths:2 | Reached XP level 25. HP: 171/171 MP: 30/30
 48851 | Depths:2 | Reached skill level 10 in Invocations
 49314 | Depths:3 | Found Kerph's Assorted Antiques.
 49528 | Depths:3 | Got a warped plate armour
 49529 | Depths:3 | Identified the Disquisition on the Nocuous Blaze
 50003 | Depths:3 | Found Teiha's General Store.
 50498 | Depths:3 | Found a one-way gate to the infinite horrors of the Abyss.
 50512 | Depths:3 | Identified the cursed +0 plate armour of Dishonour {MP-9
                  | Str+2 Dex+3} (You found it on level 3 of the Depths)
 51280 | Depths:4 | Was forgiven by Okawaru
 51468 | Depths:4 | Identified the amulet "Voenor" {Acrobat Int+6}
 51471 | Depths:4 | Reached XP level 26. HP: 79/179 MP: 31/31
 51740 | Depths:4 | Got an ancient jade amulet
 51766 | Depths:4 | Noticed a juggernaut
 51767 | Depths:4 | Noticed a juggernaut
 51776 | Depths:4 | Killed a juggernaut
 51779 | Depths:4 | Killed a juggernaut
 52066 | Depths:4 | Noticed Boris
 52066 | Depths:4 | Paralysed by a floating eye for 3 turns
 52080 | Depths:4 | Killed Boris
 52657 | Depths:4 | Identified the amulet "Feygiak" {Harm *Drain +Blink rPois
                  | Str+9 Int-4} (You found it on level 4 of the Depths)
 52667 | Depths:5 | Entered Level 5 of the Depths
 52912 | Depths:5 | Noticed a juggernaut
 52925 | Depths:5 | Killed a juggernaut
 53675 | Depths:5 | Found a gate to the Realm of Zot.
 54464 | Elf:1    | Entered Level 1 of the Elven Halls
 54665 | Elf:1    | Found Xuruoxey's Food Shoppe.
 54700 | Elf:1    | Reached XP level 27. HP: 186/186 MP: 10/32
 55387 | Elf:1    | Found Cuptuzae's General Store.
 55782 | Elf:2    | Found a flickering gateway to a bazaar.
 55809 | Bazaar   | Entered a bazaar
 55814 | Bazaar   | Found Xoes's General Store.
 55819 | Bazaar   | Found Ydesm's Assorted Antiques.
 55822 | Bazaar   | Found Esen's Weapon Shop.
 55855 | Bazaar   | Found Qeits's Weapon Emporium.
 55893 | Elf:2    | Found an ancient bone altar of Kikubaaqudgha.
 55896 | Elf:2    | Found a frozen archway.
 55932 | IceCv    | Entered an ice cave
 56677 | IceCv    | Got a slimy chain mail
 56678 | IceCv    | Identified the +2 chain mail "Cyicw" {rF+ rCorr Dex+4} (You
                  | found it in an ice cave)
 57097 | Elf:2    | Found a runed translucent gate.
 57097 | Elf:2    | Found a runed translucent gate.
 57098 | Elf:2    | Found a runed translucent gate.
 57238 | Elf:2    | Noticed Azrael
 57254 | Elf:2    | Killed Azrael
 57631 | Elf:3    | Entered Level 3 of the Elven Halls
 58262 | Elf:3    | Identified the ring of Tension {rN+ Str+4}
 58297 | Elf:3    | Identified the cursed +0 scimitar "Viodata" {elec, Str+8}
 58297 | Elf:3    | Identified the amulet "Baots" {+Rage Str+5 Slay+5}
 58307 | Elf:3    | Identified the +4 trident of Certain Death {flame, *Corrode
                  | rElec rN+++ Dex+4}
 58343 | Elf:3    | Identified the +3 falchion "Keladij" {freeze, Dex+3}
 58524 | Elf:3    | Got a smoking chain mail
 58561 | Elf:3    | Found the +3 robe of Folly {Archmagi, MR-- Int+5}
 58573 | Elf:3    | Got a pair of encrusted gloves
 58584 | Elf:3    | Identified the +2 pair of gloves of Miracles {rCorr Dex+2}
                  | (You found it on level 3 of the Elven Halls)
 58720 | Elf:3    | Got an encrusted plate armour
 58751 | Elf:3    | Got a crude chain mail
 59332 | Vaults:1 | Bought a scroll of identify for 58 gold pieces
 59332 | Vaults:1 | Bought a scroll of identify for 58 gold pieces
 59332 | Vaults:1 | Identified the +14 plate armour of Protective Custody
                  | {rCorr} (You found it on level 3 of the Elven Halls)
 59333 | Vaults:1 | Identified the +6 chain mail "Pauvvitag" {rC- rN++ Int+6}
                  | (You acquired it on level 3 of the Elven Halls)
 59393 | Vaults:3 | Bought a scroll of identify for 20 gold pieces
 59393 | Vaults:3 | Bought a scroll of identify for 20 gold pieces
 59393 | Vaults:3 | Identified the +0 chain mail of Optimism {MR+} (You found
                  | it on level 3 of the Elven Halls)
 59697 | Hell     | Entered the Vestibule of Hell
 59697 | Hell     | Noticed Geryon
 59708 | Hell     | Killed Geryon
 59884 | Hell     | Found a gateway to the freezing wastes of Cocytus.
 60039 | Hell     | Found a gateway to the Iron City of Dis.
 60176 | Hell     | Found a gateway to the ashen valley of Gehenna.
 60324 | Hell     | Found a gateway to the decaying netherworld of Tartarus.
 60451 | Geh:1    | Entered Level 1 of Gehenna
 60549 | Geh:1    | You are sucked into a shaft and drop 1 floor!
 61493 | Geh:6    | Reached skill level 27 in Fighting
 61522 | Geh:7    | Entered Level 7 of Gehenna
 61865 | Geh:7    | Identified the Almanac of Assistive Changing
 61878 | Geh:7    | Identified the +7 sceptre of Asmodeus
 61878 | Geh:7    | Noticed Asmodeus
 61920 | Geh:7    | Killed Asmodeus
 61920 | Geh:7    | Reached skill level 15 in Dodging
 62018 | Geh:7    | Got an obsidian rune of Zot
 62316 | Coc:1    | Entered Level 1 of Cocytus
 62446 | Coc:2    | Reached skill level 1 in Unarmed Combat
 63313 | Coc:7    | Entered Level 7 of Cocytus
 63407 | Coc:7    | Reached skill level 5 in Unarmed Combat
 64177 | Coc:7    | Reached skill level 15 in Armour
 64181 | Coc:7    | Identified the +6 morningstar of Beakyweas {crush, +Inv
                  | SInv}
 64181 | Coc:7    | Noticed Antaeus
 64215 | Coc:7    | The Shining One protects you from harm!
 64218 | Coc:7    | Killed Antaeus
 64349 | Coc:7    | Got an icy rune of Zot
 64352 | Coc:7    | Got a distressingly furry scale mail
 64409 | Coc:7    | Got a distressingly furry plate armour
 64449 | Coc:7    | Identified the +4 plate armour of Peogus {rPois Str+8 Dex-2
                  | SInv} (You found it on level 7 of Cocytus)
 64472 | Coc:7    | Got an agate-encrusted chain mail
 64473 | Coc:7    | Identified the +2 chain mail "Ociwull" {rC+ Regen+ Str-3
                  | Int+3} (You found it on level 7 of Cocytus)
 64591 | Tar:1    | Entered Level 1 of Tartarus
 65930 | Tar:6    | Reached skill level 10 in Unarmed Combat
 66615 | Tar:7    | Entered Level 7 of Tartarus
 67243 | Tar:7    | Gained mutation: Potions are less effective at restoring
                  | your health. [mutagenic glow]
 67411 | Tar:7    | Got a shimmering war axe
 67995 | Tar:7    | Got a jewelled scale mail
 68095 | Tar:7    | Noticed Ereshkigal
 68118 | Tar:7    | Killed Ereshkigal
 68157 | Tar:7    | Got a bone rune of Zot
 68471 | Hell     | Identified the +7 war axe of Doseuwix {chop, Str+7} (You
                  | found it on level 7 of Tartarus)
 68524 | Dis:1    | Entered Level 1 of the Iron City of Dis
 68984 | Dis:3    | Gained mutation: You do not regenerate when monsters are
                  | visible. [mutagenic glow]
 69022 | Dis:4    | Gained mutation: Armour fits poorly on your strangely
                  | shaped body. [mutagenic glow]
 69731 | Dis:6    | Lost mutation: Armour fits poorly on your strangely shaped
                  | body. [potion of mutation]
 69731 | Dis:6    | Lost mutation: You occasionally shout uncontrollably at
                  | your foes. [potion of mutation]
 69731 | Dis:6    | Lost mutation: Potions are less effective at restoring your
                  | health. [potion of mutation]
 69731 | Dis:6    | Gained mutation: Your flesh is cold resistant. (rC+)
                  | [potion of mutation]
 69731 | Dis:6    | Gained mutation: You expend magic power (3 MP) to
                  | strengthen your wands. [potion of mutation]
 69772 | Dis:7    | Entered Level 7 of the Iron City of Dis
 70535 | Dis:7    | Identified the ring of Levity {Ice -Tele MP+9 Dex+4 Stlth+}
 71032 | Dis:7    | Identified the +5 fire dragon scales of Slovenliness {rF++
                  | rC- rCorr Int+3}
 71032 | Dis:7    | Identified the ring "Humaggor" {rF+ MP+9 SInv Stlth-}
 71126 | Dis:7    | Identified the ring "Lylet" {MR+ rCorr Int+2}
 71304 | Dis:7    | Reached skill level 27 in Axes
 71378 | Dis:7    | Gained mutation: Scrolls take you a little longer to read.
                  | [mutagenic glow]
 71443 | Dis:7    | Gained mutation: You are dopey. (Int -2) [mutagenic glow]
 71469 | Dis:7    | Identified the +4 staff of Dispater
 71469 | Dis:7    | Noticed Dispater
 71483 | Dis:7    | Killed Dispater
 71493 | Dis:7    | Gained mutation: You are frail. (-10% HP) [mutagenic glow]
 71499 | Dis:7    | Got an iron rune of Zot
 71985 | Depths:1 | Lost mutation: Your flesh is cold resistant. (rC+) [potion
                  | of mutation]
 71985 | Depths:1 | Lost mutation: You do not regenerate when monsters are
                  | visible. [potion of mutation]
 71985 | Depths:1 | Lost mutation: You are frail. (-10% HP) [potion of
                  | mutation]
 71985 | Depths:1 | Gained mutation: You occasionally shout uncontrollably at
                  | your foes. [potion of mutation]
 71985 | Depths:1 | Gained mutation: You have a pair of small horns on your
                  | head. [potion of mutation]
 71986 | Depths:1 | Lost mutation: Scrolls take you a little longer to read.
                  | [potion of mutation]
 71986 | Depths:1 | Gained mutation: You are partially covered in iridescent
                  | scales. (AC +2) [potion of mutation]
 71986 | Depths:1 | Gained mutation: You have sharp fingernails. [potion of
                  | mutation]
 71987 | Depths:1 | Lost mutation: You have a pair of small horns on your head.
                  | [potion of mutation]
 71987 | Depths:1 | Gained mutation: You sometimes yell uncontrollably at your
                  | foes. [potion of mutation]
 71987 | Depths:1 | Gained mutation: You are clumsy. (Dex -2) [potion of
                  | mutation]
 71987 | Depths:1 | Gained mutation: You are partially covered in large bone
                  | plates. (SH +4) [potion of mutation]
 71994 | Pan      | Entered Pandemonium
 72467 | Pan      | Noticed Ficuoh the pandemonium lord
 72480 | Pan      | Killed Ficuoh the pandemonium lord
 72645 | Pan      | Noticed Yskag the pandemonium lord
 72645 | Pan      | Gained mutation: You frequently scream uncontrollably at
                  | your foes. [a neqoxec]
 72656 | Pan      | Killed Yskag the pandemonium lord
 73340 | Depths:1 | Escaped Pandemonium
 73934 | Slime:1  | Entered Level 1 of the Pits of Slime
 74327 | Slime:4  | Gained mutation: Potions are less effective at restoring
                  | your health. [a shining eye]
 74537 | Slime:5  | Entered Level 5 of the Pits of Slime
 74743 | Slime:5  | Noticed the Royal Jelly
 74754 | Slime:5  | Killed the Royal Jelly
 75244 | Slime:5  | Got a slimy rune of Zot
 75875 | Pan      | Entered the realm of Gloorx Vloq.
 75875 | Pan      | Entered Pandemonium
 75877 | Pan      | Noticed Gloorx Vloq
 75891 | Pan      | Killed Gloorx Vloq
 75965 | Pan      | Got a dark rune of Zot
 76715 | Pan      | Noticed Caapaj the pandemonium lord
 76727 | Pan      | Killed Caapaj the pandemonium lord
 76931 | Pan      | Found an exit through the horrors of the Abyss.
 76982 | Pan      | Took an exit into the Abyss.
 76982 | Abyss:1  | Escaped into the Abyss
 76982 | Abyss:1  | Found a corrupted altar of Lugonu.
 77535 | Abyss:3  | Found a corrupted altar of Lugonu.
 77581 | Abyss:3  | Reached skill level 15 in Invocations
 77646 | Abyss:3  | Got an abyssal rune of Zot
 77651 | Depths:1 | Escaped the Abyss
 77660 | Pan      | Entered Pandemonium
 77666 | Pan      | Noticed Huacyfy the pandemonium lord
 77676 | Pan      | Killed Huacyfy the pandemonium lord
 78264 | Pan      | Noticed Mennas
 78288 | Pan      | Killed Mennas
 78851 | Pan      | Entered the realm of Lom Lobon.
 79067 | Pan      | Found an exit through the horrors of the Abyss.
 79419 | Pan      | Noticed Lom Lobon
 79453 | Pan      | Killed Lom Lobon
 79703 | Pan      | Got a magical rune of Zot
 80078 | Pan      | Identified the cursed +0 large shield "Ynnairgha" {rElec
                  | rPois MR+ Stlth-}
 80483 | Pan      | Found a glowing silver altar of Zin.
 80664 | Pan      | Identified the +6 chain mail of Cikkoc {rPois Str+7}
 80771 | Pan      | Identified the +0 buckler of Morality {Dex+5}
 80937 | Pan      | Found a white marble altar of Elyvilon.
 81994 | Pan      | Noticed a seraph
 82022 | Pan      | Killed a seraph
 82047 | Pan      | Identified the +8 morningstar "Embalmer" {venom, Fragile
                  | rElec Int-2 Stlth+}
 82047 | Pan      | Identified the +2 buckler "Ruaraev" {rC++}
 82147 | Pan      | Found a glowing golden altar of the Shining One.
 82157 | Pan      | Got a demonic rune of Zot
 82159 | Pan      | Got a pitted helmet
 82160 | Pan      | Identified the +0 helmet of Card Tricks {+Fly rElec} (You
                  | found it in Pandemonium)
 82907 | Depths:1 | Escaped Pandemonium
 82910 | Pan      | Entered Pandemonium
 83414 | Pan      | Noticed Kavy the pandemonium lord
 83431 | Pan      | Killed Kavy the pandemonium lord
 83539 | Pan      | Got a wavering lapis lazuli ring
 83543 | Pan      | Identified the ring "Wokisuug" {+Blink rF+ rC+ rN+ MP+9}
                  | (You found it in Pandemonium)
 83752 | Pan      | Entered the realm of Cerebov.
 83817 | Pan      | Identified the +6 sword of Cerebov {flame}
 83817 | Pan      | Noticed Cerebov
 83830 | Pan      | Identified the +10 halberd of Trauma {flame, rElec Dex+4}
 83857 | Pan      | Killed Cerebov
 83934 | Pan      | Got a fiery rune of Zot
 83952 | Pan      | Got a wavering granite ring
 83954 | Pan      | Got a flickering silver ring
 83956 | Pan      | Got a heavily runed iron ring
 83957 | Pan      | Identified the ring "Ruim" {*Drain rPois rC+ Str+4 Stlth+}
                  | (You found it in Pandemonium)
 83958 | Pan      | Identified the ring of Fyhitun {rC+ Stlth+} (You found it
                  | in Pandemonium)
 83959 | Pan      | Identified the ring of the Villain {*Tele MR+} (You found
                  | it in Pandemonium)
 84003 | Pan      | Identified The Second Course in Wizardry
 84025 | Pan      | Got a shimmering golden amulet
 84026 | Pan      | Identified the amulet of Ujiag {Inacc Dex+4} (You found it
                  | in Pandemonium)
 84680 | Depths:1 | Escaped Pandemonium
 85351 | Tomb:1   | Entered Level 1 of the Tomb of the Ancients
 85782 | Tomb:1   | Noticed a greater mummy
 85797 | Tomb:1   | Killed a greater mummy
 86024 | Tomb:2   | Noticed a greater mummy
 86025 | Tomb:2   | Noticed a greater mummy
 86034 | Tomb:2   | Noticed a greater mummy
 86037 | Tomb:2   | Killed a greater mummy
 86042 | Tomb:2   | Killed a greater mummy
 86046 | Tomb:2   | Noticed a greater mummy
 86057 | Tomb:2   | Killed a greater mummy
 86064 | Tomb:2   | Killed a greater mummy
 86064 | Tomb:2   | Reached skill level 27 in Shields
 86452 | Tomb:1   | Noticed a greater mummy
 86452 | Tomb:1   | Noticed a greater mummy
 86455 | Tomb:1   | Killed a greater mummy
 86476 | Tomb:1   | Killed a greater mummy
 86608 | Tomb:1   | Noticed a greater mummy
 86620 | Tomb:1   | Killed a greater mummy
 86651 | Tomb:1   | Noticed a greater mummy
 86655 | Tomb:1   | Noticed a greater mummy
 86659 | Tomb:1   | Killed a greater mummy
 86667 | Tomb:1   | Killed a greater mummy
 86688 | Tomb:1   | Noticed a greater mummy
 86694 | Tomb:1   | Killed a greater mummy
 86715 | Tomb:1   | Noticed a greater mummy
 86722 | Tomb:1   | Killed a greater mummy
 86723 | Tomb:1   | Noticed a greater mummy
 86725 | Tomb:1   | Noticed a greater mummy
 86735 | Tomb:1   | Killed a greater mummy
 86741 | Tomb:1   | Killed a greater mummy
 86745 | Tomb:1   | Noticed a greater mummy
 86754 | Tomb:1   | Killed a greater mummy
 86757 | Tomb:1   | Noticed a greater mummy
 86766 | Tomb:1   | Killed a greater mummy
 86987 | Tomb:1   | Noticed a greater mummy
 86990 | Tomb:1   | Noticed a greater mummy
 86997 | Tomb:1   | Killed a greater mummy
 87002 | Tomb:1   | Killed a greater mummy
 87131 | Tomb:1   | Noticed a greater mummy
 87133 | Tomb:1   | Noticed a greater mummy
 87140 | Tomb:1   | Killed a greater mummy
 87144 | Tomb:1   | Killed a greater mummy
 87619 | Tomb:3   | Entered Level 3 of the Tomb of the Ancients
 87637 | Tomb:3   | Noticed an ancient lich
 87637 | Tomb:3   | Noticed a greater mummy
 87651 | Tomb:3   | Noticed a greater mummy
 87651 | Tomb:3   | Noticed a greater mummy
 87655 | Tomb:3   | Killed an ancient lich
 87658 | Tomb:3   | Killed a greater mummy
 87659 | Tomb:3   | Noticed a greater mummy
 87677 | Tomb:3   | Killed a greater mummy
 87686 | Tomb:3   | Noticed a greater mummy
 87687 | Tomb:3   | Noticed Khufu
 87692 | Tomb:3   | Killed a greater mummy
 88193 | Tomb:3   | Noticed a greater mummy
 88207 | Tomb:3   | Killed a greater mummy
 88208 | Tomb:3   | Killed Khufu
 88209 | Tomb:3   | Noticed a greater mummy
 88213 | Tomb:3   | HP: 8/199 [mummy priest/divine providence (13)]
 88214 | Tomb:3   | The Shining One protects you from harm!
 88230 | Tomb:2   | Gained mutation: You are weak. (Str -2) [mutagenic glow]
 88270 | Tomb:2   | Gained mutation: Scrolls take you a little longer to read.
                  | [mutagenic glow]
 88349 | Tomb:2   | Gained mutation: You are very dopey. (Int -4) [mutagenic
                  | glow]
 88777 | Tomb:3   | Killed a greater mummy
 88777 | Tomb:3   | Cast into level 5 of the Abyss (the power of Zot)
 88777 | Abyss:5  | Entered Level 5 of the Abyss
 89001 | Tomb:3   | Escaped the Abyss
 89005 | Tomb:3   | Killed a greater mummy
 89005 | Tomb:3   | Killed a greater mummy
 89170 | Tomb:3   | Identified the Handbook of Black Rituals and Flight
 89213 | Tomb:3   | Got a bound steel ring
 89216 | Tomb:3   | Identified the ring "Ofemaif" {+Fly rF- Str+7} (You found
                  | it on level 3 of the Tomb of the Ancients)
 89221 | Tomb:3   | Identified the Catalogue of Boosting Lightness
 89266 | Tomb:3   | Found the +5 scythe "Finisher" {speed, eviscerate}
 89531 | Tomb:3   | Got a golden rune of Zot
 90219 | Depths:2 | Lost mutation: Scrolls take you a little longer to read.
                  | [potion of mutation]
 90219 | Depths:2 | Lost mutation: You are clumsy. (Dex -2) [potion of
                  | mutation]
 90219 | Depths:2 | Lost mutation: Potions are less effective at restoring your
                  | health. [potion of mutation]
 90219 | Depths:2 | Lost mutation: You frequently scream uncontrollably at your
                  | foes. [potion of mutation]
 90219 | Depths:2 | Lost mutation: You are very dopey. (Int -4) [potion of
                  | mutation]
 90219 | Depths:2 | Gained mutation: You are resistant to hostile enchantments.
                  | (MR+) [potion of mutation]
 90221 | Zig:1    | Entered Level 1 of a ziggurat
 90244 | Zig:2    | Entered Level 2 of a ziggurat
 90248 | Zig:2    | Noticed a juggernaut
 90264 | Zig:2    | Killed a juggernaut
 90267 | Zig:2    | Noticed a juggernaut
 90267 | Zig:2    | Noticed a juggernaut
 90271 | Zig:2    | Noticed a juggernaut
 90540 | Zig:2    | Got a fine quick blade
 90543 | Zig:3    | Entered Level 3 of a ziggurat
 90553 | Zig:3    | Gained mutation: You passively map a small area around you.
                  | [a shining eye]
 90556 | Zig:3    | Gained mutation: You tend to lose your temper in combat. [a
                  | shining eye]
 90588 | Zig:4    | Entered Level 4 of a ziggurat
 90621 | Zig:5    | Entered Level 5 of a ziggurat
 90691 | Zig:6    | Entered Level 6 of a ziggurat
 90697 | Zig:6    | Noticed a greater mummy
 90698 | Zig:6    | Noticed a greater mummy
 90705 | Zig:6    | Killed a greater mummy
 90708 | Zig:6    | Killed a greater mummy
 90741 | Zig:6    | Got a crude cloak
 90742 | Zig:6    | Identified the -3 cloak "Zunieski" {+Blink rElec Str+3}
                  | (You acquired it on level 6 of a ziggurat)
 90746 | Zig:7    | Entered Level 7 of a ziggurat
 90765 | Zig:7    | Found the ring of Robustness {AC+8}
 90795 | Zig:7    | Identified the Compendium of Heat
 90801 | Zig:7    | Got a shimmering plate armour
 90802 | Zig:7    | Identified the +7 plate armour "Zim Opp" {rElec rCorr Str-2
                  | Dex+2} (You found it on level 7 of a ziggurat)
 90808 | Zig:8    | Entered Level 8 of a ziggurat
 90815 | Zig:8    | Noticed Vuiwet Utta the pandemonium lord
 90825 | Zig:8    | Killed Vuiwet Utta the pandemonium lord
 90888 | Zig:8    | Got a pitted turquoise ring
 90903 | Zig:8    | Identified the ring "Zeomyan" {rElec rN+ Int+4} (You found
                  | it on level 8 of a ziggurat)
 90908 | Zig:9    | Entered Level 9 of a ziggurat
 91136 | Zig:10   | Entered Level 10 of a ziggurat
 91143 | Zig:10   | Noticed an orb of fire
 91144 | Zig:10   | Noticed an orb of fire
 91144 | Zig:10   | Gained mutation: Scrolls take you a little longer to read.
                  | [an orb of fire]
 91153 | Zig:10   | Gained mutation: Your body sometimes deteriorates upon
                  | taking damage. [an orb of fire]
 91154 | Zig:10   | Gained mutation: You are occasionally teleported next to
                  | monsters. [an orb of fire]
 91160 | Zig:10   | Gained mutation: You frequently scream uncontrollably at
                  | your foes. [an orb of fire]
 91162 | Zig:10   | Gained mutation: Your body often deteriorates upon taking
                  | damage. [an orb of fire]
 91164 | Zig:10   | Killed an orb of fire
 91166 | Zig:10   | Killed an orb of fire
 91167 | Zig:10   | Lost mutation: Your body often deteriorates upon taking
                  | damage. [potion of mutation]
 91167 | Zig:10   | Lost mutation: Your body sometimes deteriorates upon taking
                  | damage. [potion of mutation]
 91167 | Zig:10   | Lost mutation: You have sharp fingernails. [potion of
                  | mutation]
 91167 | Zig:10   | Lost mutation: You are occasionally teleported next to
                  | monsters. [potion of mutation]
 91167 | Zig:10   | Lost mutation: Scrolls take you a little longer to read.
                  | [potion of mutation]
 91167 | Zig:10   | Gained mutation: You passively map the area around you.
                  | [potion of mutation]
 91175 | Zig:10   | Got a translucent amber ring
 91176 | Zig:10   | Identified the ring "Ufaluets" {rC+ Dex+4 Stlth-} (You
                  | found it on level 10 of a ziggurat)
 91510 | Pan      | Entered the realm of Mnoleg.
 91510 | Pan      | Entered Pandemonium
 91833 | Pan      | Gained mutation: You do not regenerate when monsters are
                  | visible. [a cacodemon]
 91976 | Pan      | Gained mutation: Your spells are a little easier to cast,
                  | but a little less powerful. [a neqoxec]
 91979 | Pan      | Gained mutation: Your spells are easier to cast, but less
                  | powerful. [a neqoxec]
 92011 | Pan      | Noticed Mnoleg
 92015 | Pan      | Gained mutation: You are very dopey. (Int -4) [a neqoxec]
 92018 | Pan      | Gained mutation: You often lose your temper in combat. [a
                  | neqoxec]
 92025 | Pan      | Paralysed by a floating eye for 3 turns
 92028 | Pan      | Gained mutation: Scrolls take you a little longer to read.
                  | [a cacodemon]
 92049 | Pan      | Killed Mnoleg
 92081 | Pan      | Got a glowing rune of Zot
 92237 | Pan      | Found a huge runed translucent gate.
 92240 | Pan      | Found a huge runed translucent gate.
 92248 | Pan      | Found a huge runed translucent gate.
 92255 | Pan      | Found a huge runed translucent gate.
 92256 | Pan      | Found a huge runed translucent gate.
 92259 | Pan      | Found a huge runed translucent gate.
 92260 | Pan      | Found a huge runed translucent gate.
 92264 | Pan      | Noticed Nucapsoe the pandemonium lord
 92289 | Pan      | Killed Nucapsoe the pandemonium lord
 92303 | Depths:1 | Escaped Pandemonium
 92305 | Depths:1 | Lost mutation: You are weak. (Str -2) [potion of mutation]
 92305 | Depths:1 | Lost mutation: You are very dopey. (Int -4) [potion of
                  | mutation]
 92305 | Depths:1 | Lost mutation: Scrolls take you a little longer to read.
                  | [potion of mutation]
 92305 | Depths:1 | Gained mutation: You are agile. (Dex +2) [potion of
                  | mutation]
 92452 | Zot:1    | Entered Level 1 of the Realm of Zot
 92486 | Zot:1    | Noticed an orb of fire
 92496 | Zot:1    | Killed an orb of fire
 93543 | Zot:2    | Reached skill level 27 in Invocations
 93710 | Zot:2    | Noticed an orb of fire
 93724 | Zot:2    | Killed an orb of fire
 95465 | Zot:4    | Noticed an orb of fire
 95465 | Zot:4    | Gained mutation: Your magical capacity is low. (-10% MP)
                  | [an orb of fire]
 95469 | Zot:4    | Gained mutation: You have an uncontrollable temper. [an orb
                  | of fire]
 95476 | Zot:4    | Killed an orb of fire
 95546 | Zot:4    | Lost mutation: Your magical capacity is low. (-10% MP)
                  | [potion of mutation]
 95546 | Zot:4    | Lost mutation: You expend magic power (3 MP) to strengthen
                  | your wands. [potion of mutation]
 95546 | Zot:4    | Lost mutation: You are dopey. (Int -2) [potion of mutation]
 95546 | Zot:4    | Lost mutation: You are agile. (Dex +2) [potion of mutation]
 95546 | Zot:4    | Lost mutation: You have an uncontrollable temper. [potion
                  | of mutation]
 96057 | Zot:5    | Entered Level 5 of the Realm of Zot
 96082 | Zot:5    | Reached skill level 27 in Armour
 96189 | Zot:5    | Noticed an ancient lich
 96209 | Zot:5    | Killed an ancient lich
 96212 | Zot:5    | Noticed an orb of fire
 96218 | Zot:5    | Noticed an ancient lich
 96219 | Zot:5    | Lost mutation: Your spells are easier to cast, but less
                  | powerful. [an orb of fire]
 96228 | Zot:5    | Gained mutation: Your body sometimes deteriorates upon
                  | taking damage. [an orb of fire]
 96228 | Zot:5    | Noticed an ancient lich
 96229 | Zot:5    | Gained mutation: You are frail. (-10% HP) [an orb of fire]
 96230 | Zot:5    | Killed an orb of fire
 96231 | Zot:5    | Killed an ancient lich
 96240 | Zot:5    | Killed an ancient lich
 96433 | Zot:5    | Got the Orb of Zot
 96477 | Zot:5    | Reached skill level 27 in Dodging
 96493 | Zot:5    | Reached skill level 1 in Evocations
 96566 | Zot:4    | Noticed Destich the pandemonium lord
 96570 | Zot:4    | Killed Destich the pandemonium lord
 96689 | Zot:1    | Gained mutation: You are weak. (Str -2) [a neqoxec]
 96690 | Zot:1    | Noticed Nauxti the pandemonium lord
 96702 | Zot:1    | Killed Nauxti the pandemonium lord
 96702 | Zot:1    | Reached skill level 5 in Evocations
 97380 | D:$      | Escaped with the Orb!

Levels and vault maps discovered:
D:1:      dpeg_arrival_tiny_i, layout_basic, corner_web_ring, minmay_circled_x
D:2:      layout_basic, old_standard_altar
D:3:      layout_basic, nicolae_qazlal_style_of_elements, uniq_sigmund
D:4:      layout_basic, overflow_temple_1_default, serial_shops,
          nicolae_shop_stone, first_ration, uniq_natasha
D:5:      layout_rooms, grunt_temple_overflow_open
D:6:      layout_loops_ring, nemelex_xobeh_ov_fountains_minmay,
          minmay_temple_entry_trees, serial_glass, glass_columns_b,
          glass_columns_c, gammafunk_ghost_arena, basic_altar, uniq_edmund
D:7:      layout_gridville, old_standard_altar, uniq_duvessa, uniq_pikel
D:8:      layout_loops_ring, serial_shops, shop, minmay_circle_x
D:9:      minmay_the_grid_triangle_9x9_recursive_2
          [minmay_the_grid_triangle_9x9_prize_top_heavy,
          minmay_the_grid_triangle_9x9_warning,
          minmay_the_grid_triangle_9x9_thin_v,
          minmay_the_grid_triangle_9x9_intruding_spiral], layout_gridville,
          dpeg_lair_monsters, hangedman_little_slice_of_home
D:10:     layout_gridville, chequers_mini_garden
D:11:     layout_cave_pods, minmay_misc_feat_roman, uniq_urug
D:12:     layout_stronghold, erik_orc_1, minmay_guarded_unrand_vampires_tooth,
          uniq_maurice
D:13:     layout_roguey, erik_vaults_1, enter_trove_6, minmay_puff, uniq_jorgrun
D:14:     layout_stronghold, minivault_23, uniq_louise, uniq_roxanne
D:15:     hangedman_depths_entry_try_elsewhere_first, layout_basic
Temple:   nicolae_temple_figure_eight
Lair:1:   lemuel_slime, layout_cave_shapes, gauntlet_entry_generic,
          beast_lair_carwin_10
Lair:2:   layout_concentric_octagons, minmay_snake_entry_guardpost_small,
          lemuel_fruit_tree
Lair:3:   layout_cave_pods, elwin_shoals_entry_rooms, grunt_megastairs_3
Lair:4:   layout_cave_pods, serial_bayou_pond_d, beast_lair_carwin_1
Lair:5:   beast_lair_carwin_large_3, layout_long_grid, slime_altar_1,
          basic_altar, nicolae_lair_grove_arrangements,
          nicolae_quartered_pool_super, serial_bayou_lagoon_b
Lair:6:   grunt_lair_end_beastmaster, layout_regular_city, minivault_24
Shoals:1: layout_shoals, ebering_ghost_disaster_area, hangedman_feature_mirror
Shoals:2: layout_shoals, serial_shops, shop
Shoals:3: layout_shoals, serial_shops, nicolae_shop_statue_plus
Shoals:4: shoals_end_grunt_ice, layout_shoals, yaktaur_hedge
Snake:1:  layout_layer_cave, drop_trap, serial_bayou_shore_b,
          serial_bayou_shore_b
Snake:2:  nrook_guardian_serpent_snake_passage, layout_gridlike, serial_shops,
          shop, basic_altar, minmay_shop_grove, uniq_frances, uniq_vashnia,
          uniq_aizul
Snake:3:  layout_cave_town, st_stairs_6, uniq_mara, uniq_bai_suzhen
Snake:4:  snake_pit, layout_rooms, serial_shops, statue_bzr
Slime:1:  nicolae_slime_pool, layout_caves
Slime:2:  layout_caves, uniq_dissolution
Slime:3:  layout_caves
Slime:4:  layout_caves
Slime:5
Orc:1:    layout_diamond_mine, serial_shops, shop
Orc:2:    grunt_orc_cross, layout_caves, serial_shops, shop,
          gammafunk_ghost_necromancy
Elf:1:    layout_gridlike, serial_shops, shop, shop,
          kennysheep_underground_church
Elf:2:    layout_geoelf_grid, basic_altar, serial_shops, bzr_in_the_mist,
          portal_ice_cave_entry_pillars_1, uniq_azrael
Elf:3:    minmay_elf_hall_furrowed, layout_geoelf_grid, grunt_megastairs_1
Vaults:1: v_misc_24, vaults_room_pool, v_misc_13, vaults_dpeg_encased_lava,
          nicolae_vaults_puzzle_piece, grunt_vaults_twisty,
          nicolae_vaults_alarming, ontoclasm_vaults_shout, v_misc_18,
          v_pattern_4, vaults_room_door_hall, grunt_vaults_focal,
          vaults_room_stairs_pillars, layout_vaults_omnicross, serial_shops,
          nicolae_shop_waterfront
Vaults:2: vaults_room_fours, nicolae_vaults_yaktaur_gun_rack,
          ontoclasm_vaults_bender, v_alt_pattern_6,
          nicolae_vaults_network_quinsquares
          [nicolae_vaults_network_quincunx_subvault,
          nicolae_vaults_network_quincunx_subvault,
          nicolae_vaults_network_quincunx_subvault,
          nicolae_vaults_network_quincunx_subvault], hangedman_vaults_maws,
          ontoclasm_vaults_spin, ontoclasm_vaults_ring_small,
          nicolae_vaults_angled_halls, nicolae_vaults_little_squares_3,
          nicolae_vaults_little_ls, layout_vaults_ring,
          minmay_crypt_entry_simple_statues, serial_shops,
          nicolae_shop_window_shopping, uniq_frederick
Vaults:3: vaults_room_grunt_arrival_checkpoint, st_eye, hangedman_vaults_nails,
          hangedman_vaults_capsules, grunt_vaults_hallway_long,
          nicolae_vaults_ninety_degrees, nicolae_vaults_mini_display_case,
          ontoclasm_vaults_claustrophobia, hangedman_vaults_stream, v_misc_17,
          vaults_room_pools, v_misc_8, nicolae_vaults_circle_grid_a,
          vaults_dpeg_ring, vaults_room_pools, layout_vaults_maze, serial_shops,
          shop_scrolls, shop, nicolae_shop_crystal, serial_glass
Vaults:4: nicolae_vaults_network_periphery, v_misc_3, hangedman_vaults_nodes,
          nicolae_vaults_little_squares_4, nicolae_vaults_what_the_h, v_misc_31,
          grunt_vaults_hallway_long, ontoclasm_vaults_fault, vaults_mumra_lcd,
          vaults_room_corners, layout_vaults_big_room, serial_shops,
          nicolae_shop_statue_plus, nicolae_shop_statue_plus,
          nicolae_shop_overgrown_old_shop, nicolae_shop_waterfront, basic_altar
Vaults:5
Crypt:1:  layout_catacombs, grunt_crypt_arrival_split,
          roderic_lattice_octagonal_star
Crypt:2:  cheibrodos_crypt_eye_of_stone, layout_gridlike, uniq_jory
Crypt:3:  evilmike_haunted_forest
Tomb:1
Tomb:2
Tomb:3:   uniq_khufu
Depths:1: layout_cross, grunt_pan_entry_sceptre, hell_entry, st_stairs_12,
          tgw_xom
Depths:2: minmay_concentric_multi, layout_basic, enter_ziggurat_c,
          grunt_mini_vestibule, infiniplex_staircase_star
Depths:3: minmay_haunted_quarter, layout_twisted_cross, serial_shops,
          nicolae_shop_overgrown_old_shop, grunt_hell_entry_dis_old,
          rand_demon_pan_entry_8, abyss_entry, chequers_jeans, minmay_shop_star,
          minmay_staircase_bubble
Depths:4: minmay_tearing_corner, layout_gridlike, nicolae_wwwww,
          abyss_entry_crystal, hell_entry, grunt_pan_entry_spiral,
          onia_ninara_cookie, minmay_staircase_statues, uniq_boris
Depths:5: grunt_zot_entry_gee_three, layout_honeycomb,
          chequers_serial_rivers_room_a, hell_entry, minmay_misc_feat_columns,
          grunt_ministairs_7, hangedman_decor_clover_reticule,
          infiniplex_staircase_pool_lava
Hell
Dis:1:    layout_regular_city
Dis:2:    layout_chaotic_city
Dis:3:    layout_subdivisions
Dis:4:    layout_chaotic_city, hangedman_dis_chains, grunt_megastairs_2
Dis:5:    layout_gridville
Dis:6:    lemuel_mystery_crypt, layout_regular_city,
          hangedman_dis_decor_blocks_crown
Dis:7:    iron_city_of_dis [dis_grunt, dis_wall_4], layout_chaotic_city
Geh:1:    layout_gehenna_pools_basic
Geh:2:    layout_gehenna_lava_caves
Geh:3:    layout_gehenna_lava_caves
Geh:4:    layout_gehenna_lava_caves, gehenna_fire_generator
Geh:5:    layout_gehenna_pools_basic
Geh:6:    layout_gehenna_lava_caves
Geh:7:    geh_grunt
Coc:1:    layout_cocytus_water_paths
Coc:2:    layout_cocytus_water_paths
Coc:3:    layout_cocytus_water_paths
Coc:4:    layout_cocytus_water_paths
Coc:5:    layout_cocytus_water_paths
Coc:6:    layout_ice_bergs
Coc:7:    coc_grunt_cove [coc_grunt_cove_antaeus, coc_grunt_cove_fiend,
          coc_grunt_cove_fiend, coc_grunt_cove_fiend, coc_grunt_cove_fiend]
Tar:1:    layout_grid_maze, grunt_tartarus_stairs_gauntlet_trap
Tar:2:    layout_honeycomb, evilmike_ambush [evilmike_ambush_outer_pillars,
          evilmike_ambush_inner_basic]
Tar:3:    layout_cathedral_of_symmetry
Tar:4:    layout_honeycomb
Tar:5:    layout_grid_maze
Tar:6:    layout_grid_maze
Tar:7:    tar_mu [tar_mu_maze]
Zot:1:    layout_misc_corridors, zot_minivault_1
Zot:2:    kennysheep_room_grid, layout_misc_corridors
Zot:3:    layout_twisted_circle
Zot:4:    layout_twisted_circle
Zot:5:    layout_gridlike, gammafunk_ghost_cemetery, uniq_tiamat

Skill      XL: |  1  2  3  4  5  6  7  8  9 10 11 12 13 14 15 16 17 18 19 20 21 22 23 24 25 26 27 |
---------------+----------------------------------------------------------------------------------+-----
Axes           | 2 3 4 6 7 9 10 12 14 15 16 18 20 21 22 27 | 27.0
Fighting       | 5 7 8 11 13 14 15 16 17 18 20 21 22 27 | 27.0
Invocations    | 2 4 5 6 8 9 10 12 27 | 27.0
Dodging        | 1 2 3 4 5 6 7 8 9 10 11 27 | 27.0
Armour         | 4 5 6 7 9 10 11 12 13 27 | 27.0
Shields        | 6 10 11 13 15 17 18 19 20 21 27 | 27.0
Short Blades   | 5 8 11 14 | 14.6
Unarmed Combat | 10 | 10.6
Evocations     | 7 |  7.0

Action                   |  1- 3 |  4- 6 |  7- 9 | 10-12 | 13-15 | 16-18 | 19-21 | 22-24 | 25-27 || total
-------------------------+-------+-------+-------+-------+-------+-------+-------+-------+-------++-------
Melee: War axe           |    87 |   122 |   264 |   254 |    51 |       |       |       |       ||   778
       Unarmed           |       |       |     6 |       |       |       |       |       |       ||     6
       Hand axe          |       |       |       |   315 |   637 |       |       |    20 |   515 ||  1487
       Flail             |       |       |       |    10 |       |       |       |       |       ||    10
       Quick blade       |       |       |       |       |   972 |  1715 |  1871 |   513 |       ||  5071
       Broad axe         |       |       |       |       |       |       |       |   811 |  6855 ||  7666
       Executioner's axe |       |       |       |       |       |       |       |       |   130 ||   130
Invok: Heroism           |       |       |     3 |    15 |     9 |     6 |     3 |       |       ||    36
       Finesse           |       |       |       |       |       |     1 |       |       |       ||     1
       Brand Weapon With |       |       |       |       |       |       |       |     1 |       ||     1
       Divine Shield     |       |       |       |       |       |       |       |     1 |     3 ||     4
       Summon Divine War |       |       |       |       |       |       |       |       |    18 ||    18
       Cleansing Flame   |       |       |       |       |       |       |       |       |     8 ||     8
 Abil: Fly               |       |       |       |       |       |     1 |       |       |       ||     1
Evoke: Wand              |       |       |       |       |       |       |       |     3 |       ||     3
  Use: Scroll            |     5 |     1 |    11 |    15 |    13 |     7 |    14 |    24 |    41 ||   131
       Potion            |       |     1 |       |       |     1 |     3 |       |       |    36 ||    41
 Stab: Petrified         |       |       |       |       |     8 |       |       |       |       ||     8
       Distracted        |       |       |       |       |     1 |       |       |       |       ||     1
       Petrifying        |       |       |       |       |     1 |       |       |       |       ||     1
  Eat: Chunk             |       |     4 |    10 |     6 |    26 |    15 |    14 |     8 |    39 ||   122
       Ration            |       |       |       |     4 |     3 |     4 |     4 |     7 |    40 ||    62
Armor: Scale mail        |    64 |    12 |       |       |       |       |       |       |       ||    76
       Chain mail        |       |    48 |   134 |   297 |   445 |       |       |       |       ||   924
       Plate armour      |       |       |       |    20 |    69 |   552 |   279 |   396 |  1979 ||  3295
Dodge: Dodged            |    35 |    28 |    77 |   144 |   296 |   307 |   202 |   248 |  2577 ||  3914
       Deflected         |       |       |       |       |    12 |    62 |    26 |    16 |    18 ||   134
Block: Shield            |    71 |    58 |   137 |   274 |   727 |   600 |   710 |   762 |  5687 ||  9026
       Large shield      |       |       |       |       |       |   578 |       |       |       ||   578
       Reflection        |       |       |       |       |       |       |       |       |   178 ||   178
       Other             |       |       |       |       |       |       |       |       |    12 ||    12
